 Dungeon Crawl Stone Soup version 0.31-a0-1616-gbeaec30 (webtiles) character file.

Game seed: 12046534147922287665

14463036 PidgeyThePirate the Conqueror (level 27, 249/249 HPs)
             Began as a Demonspawn Gladiator on Jan 10, 2024.
             Was the Champion of Wu Jian.
             Escaped with the Orb
             ... and 15 runes!
             The game lasted 08:21:33 (110094 turns).

PidgeyThePirate the Conqueror (DsGl)              Turns: 110094, Time: 08:21:33

Health: 249/249    AC: 40    Str: 21    XL:     27
Magic:  56/56      EV: 32    Int: 11    God:    Wu Jian [******]
Gold:   12915      SH:  0    Dex: 34    Spells: 66/66 levels left

rFire   + + +        a - +9 quick blade (elec)
rCold   + + .        (no shield)
rNeg    + + +        F - +6 plate armour "Moax" {rF+++ Regen+ Int-4 Dex+5}
rPois   ∞            U - +2 hat {Will+}
rElec   .            A - +0 cloak "Ewoqoigh" {rF++ rC+ rN+ Str+3}
rCorr   .            (gloves unavailable)
SInv    +            y - +2 pair of boots {Fly}
Will    +++++        s - amulet of faith
Stlth   +            g - ring of the Pharaoh's Fist {rN+ MP+9 SInv Stlth+}
HPRegen 1.41/turn    R - ring of Mixe {Will+ Int+4 Dex+6}
MPRegen 0.70/turn

%: clarity, guardian spirit, faith
@: death-form, flying, studying 6 skills
A: vile attack, torment immunity, no potions, slimy green scales 3, ignite blood
3, magic shield, magic regeneration, magic link, corrupting presence 2, word of
chaos, demonic touch 3, horns 1, clarity
0: Orb of Zot
}: 15/15 runes: barnacled, slimy, silver, golden, iron, obsidian, icy, bone,
abyssal, demonic, glowing, magical, fiery, dark, gossamer
a: Word of Chaos, Siphon Essence, Begin Untransformation, Renounce Religion,
Wall Jump, Serpent's Lash, Heavenly Storm


You escaped.
You worshipped Wu Jian.
Wu Jian was exalted by your worship.
You were an undying horror.
You visited 18 branches of the dungeon, and saw 88 of its levels.
You visited Pandemonium 1 time, and saw 18 of its levels.
You visited the Abyss 2 times.
You visited 1 ziggurat, and saw 18 of its levels.
You also visited: Trove, Gauntlet and Ice Cave.

You collected 23411 gold pieces.
You spent 10496 gold pieces at shops.

Inventory:

Hand Weapons
 a - a +9 quick blade of electrocution (weapon)
 c - the +13 sceptre of Asmodeus
   (You took it off Asmodeus on level 7 of Gehenna)

   Fire Summon: It may summon demons of flame and damnation when striking foes.
 C - the +7 captain's cutlass {speed, disarm}
   (You took it off a vault warden on level 5 of the Vaults)
Armour
 o - +10 pearl dragon scales
 y - a +2 pair of boots of flying (worn)
 A - the +0 cloak "Ewoqoigh" (worn) {rF++ rC+ rN+ Str+3}
   (You found it on level 7 of Tartarus)

   Str+3:     It affects your strength (+3).
   rF++:      It greatly protects you from fire.
   rC+:       It protects you from cold.
   rN+:       It protects you from negative energy.
 F - the +6 plate armour "Moax" (worn) {rF+++ Regen+ Int-4 Dex+5}
   (You found it on level 2 of the Shoals)

   Int-4:     It affects your intelligence (-4).
   Dex+5:     It affects your dexterity (+5).
   rF+++:     It renders you almost immune to fire.
   Regen+:    It increases your rate of health regeneration.
 H - a +2 cloak of willpower
 J - the orb of Dispater {+Damnation *Corrode AC+5}
   (You took it off Dispater on level 7 of the Iron City of Dis)

   +Damnation: It grants the ability to hurl damnation at the cost of health and
   magic, with strength depending on Evocations skill.
   AC+5:      It affects your AC (+5).
   *Corrode:  It may corrode you when you take damage.
 U - a +2 hat of willpower (worn)
Jewellery
 b - the ring of the Jester {AC+4 Str+3 Dex+4}
   (You found it on level 7 of Gehenna)

   [ring of protection]

   AC+4:      It affects your AC (+4).
   Str+3:     It affects your strength (+3).
   Dex+4:     It affects your dexterity (+4).
 f - the amulet of Pucask {rF+++ rC- rN+ Regen+}
   (You found it on level 7 of Tartarus)

   [amulet of regeneration]

   rF+++:     It renders you almost immune to fire.
   rC-:       It makes you vulnerable to cold.
   rN+:       It protects you from negative energy.
   Regen+:    It increases your rate of health regeneration.
 g - the ring of the Pharaoh's Fist (left hand) {rN+ MP+9 SInv Stlth+}
   (You found it in a treasure trove)

   [ring of magical power]

   rN+:       It protects you from negative energy.
   MP+9:      It affects your magic capacity (+9).
   SInv:      It lets you see invisible.
   Stlth+:    It makes you more stealthy.
 h - the amulet "Ylaam" {RegenMP Int+4}
   (You found it on level 7 of Tartarus)

   [amulet of magic regeneration]

   RegenMP:   It increases your rate of magic regeneration.
   Int+4:     It affects your intelligence (+4).
 m - the ring of Youthful Indiscretion {rElec rC+ Int-2 Dex+7}
   (You found it in a treasure trove)

   [ring of protection from cold]

   Int-2:     It affects your intelligence (-2).
   Dex+7:     It affects your dexterity (+7).
   rC+:       It protects you from cold.
   rElec:     It insulates you from electricity.
 p - the ring "Zuigaw" {+Blink rPois}
   (You found it on level 7 of Tartarus)

   [ring of poison resistance]

   rPois:     It protects you from poison +Blink: It lets you blink.
 r - the ring "Muunkept" {Fly Dex+4 SInv}
   (You found it on level 7 of Tartarus)

   [ring of see invisible]

   Dex+4:     It affects your dexterity (+4).
   SInv:      It lets you see invisible.
   Fly:       It grants you flight.
 s - an amulet of faith (around neck)
 B - the ring of Suspicion {rElec rPois rC- rCorr Dex+9}
   (You found it on level 7 of the Iron City of Dis)

   [ring of resist corrosion]

   Dex+9:     It affects your dexterity (+9).
   rC-:       It makes you vulnerable to cold.
   rElec:     It insulates you from electricity.
   rPois:     It protects you from poison rCorr: It protects you from acid and
   corrosion.
 K - a +5 ring of evasion
 O - the ring of Qibbouroug {Fire Will+ Dex+4}
   (You found it on level 10 of a ziggurat)

   [ring of fire]

   Fire:      It enhances your fire magic.
   Dex+4:     It affects your dexterity (+4).
   rF+:       It protects you from fire.
   rC-:       It makes you vulnerable to cold.
   Will+:     It increases your willpower.
 R - the ring of Mixe (right hand) {Will+ Int+4 Dex+6}
   (You took it off a vault sentinel on level 5 of the Vaults)

   [ring of dexterity]

   Int+4:     It affects your intelligence (+4).
   Dex+6:     It affects your dexterity (+6).
   Will+:     It increases your willpower.
 V - a +6 ring of intelligence
Talismans
 N - a talisman of death (active)
 Q - a storm talisman
Wands
 w - a wand of digging (30)
 D - a wand of polymorph (53)
 E - a wand of acid (63)
 I - a wand of mindburst (85)
 M - a wand of paralysis (89)
 W - a wand of roots (88)
 Z - a wand of flame (212)
Scrolls
 l - 7 scrolls of torment
 q - 8 scrolls of fear
 t - 4 scrolls of noise
 u - 21 scrolls of teleportation
 x - 4 scrolls of butterflies
 z - 8 scrolls of vulnerability
 L - 2 scrolls of silence
 P - 19 scrolls of immolation
 S - 13 scrolls of revelation
 X - 19 scrolls of fog
Potions
 d - 7 potions of heal wounds
 i - 14 potions of mutation
 j - a potion of experience
Miscellaneous
 e - a figurine of a ziggurat
 k - a phantom mirror
 v - a lightning rod (4/4)
 G - the horn of Geryon (inert)
 T - a phial of floods
 Y - a sack of spiders (inert)


   Skills:
 O Level 27 Fighting
 O Level 27 Short Blades
 - Level 4.0(18.4) Long Blades
 - Level 0.9(1.3) Axes
 - Level 1.0(1.3) Maces & Flails
 - Level 0.7(1.2) Polearms
 - Level 0.9(1.3) Staves
 - Level 10.0 Ranged Weapons
 - Level 2.7 Throwing
 O Level 27 Armour
 O Level 27 Dodging
 - Level 14.0 Stealth
 - Level 1.0 Shields
 - Level 0.1 Unarmed Combat
 - Level 20.0 Spellcasting
 - Level 0.7 Conjurations
 - Level 0.7 Hexes
 - Level 1.0 Summonings
 - Level 1.0 Necromancy
 - Level 0.1 Translocations
 - Level 0.5 Fire Magic
 - Level 1.3 Ice Magic
 - Level 0.1 Air Magic
 - Level 0.6 Earth Magic
 - Level 1.0 Alchemy
 - Level 1.6 Invocations
 - Level 21.0 Evocations
 * Level 23.4 Shapeshifting


You had 66 spell levels left.
You didn't know any spells.
Your spell library contained the following spells:

 Spells                   Type           Power      Damage    Failure   Level
 Freeze                   Ice            56%        1d7       11%         1
 Necrotise                Necr           52%        1d6       12%         1
 Summon Small Mammal      Summ           52%        N/A       12%         1
 Kiss of Death            Conj/Necr      52%        2d9       13%         1
 Sting                    Conj/Alch      52%        1d6       13%         1
 Foxfire                  Conj/Fire      48%        2x1d6     14%         1
 Magic Dart               Conj           48%        1d5       14%         1
 Sandblast                Erth           24%        2d8       14%         1
 Shock                    Conj/Air       48%        1d6       16%         1
 Apportation              Tloc           22%        N/A       17%         1
 Call Imp                 Summ           26%        N/A       19%         2
 Ensorcelled Hibernation  Hex/Ice        26%        N/A       19%         2
 Sublimation of Blood     Necr           13%        N/A       19%         2
 Cigotuvi's Dreadful Rot  Necr/Alch/Air  24%        N/A       21%         2
 Searing Ray              Conj           24%        2d5       21%         2
 Jinxbite                 Hex            24%        N/A       22%         2
 Mercury Vapours          Alch/Air       24%        N/A       22%         2
 Scorch                   Fire           24%        2d6       22%         2
 Momentum Strike          Conj/Tloc      24%        3d8       24%         2
 Static Discharge         Conj/Air       24%        3-4/arc   24%         2
 Blink                    Tloc           22%        N/A       26%         2
 Lesser Beckoning         Tloc           22%        N/A       26%         2
 Frozen Ramparts          Ice            28%        1d5       32%         3
 Ozocubu's Armour         Ice            14%        N/A       32%         3
 Fugue of the Fallen      Necr           13%        N/A       34%         3
 Summon Ice Beast         Ice/Summ       13%        N/A       34%         3
 Call Canine Familiar     Summ           13%        N/A       36%         3
 Hailstorm                Conj/Ice       13%        3d6       36%         3
 Dazzling Flash           Conj/Hex       24%        N/A       38%         3
 Sigil of Binding         Hex            12%        N/A       38%         3
 Stone Arrow              Conj/Erth      24%        3d8       38%         3
 Tukima's Dance           Hex            12%        N/A       38%         3
 Passwall                 Erth           12%        N/A       41%         3
 Volatile Blastmotes      Fire/Tloc      22%        2d11      43%         3
 Gell's Gravitas          Tloc           11%        N/A       45%         3
 Swiftness                Air            11%        N/A       45%         3
 Teleport Other           Tloc           11%        N/A       45%         3
 Animate Dead             Necr           13%        N/A       75%         4
 Dispel Undead            Necr           13%        3d9       75%         4
 Martyr's Knell           Necr/Summ      13%        N/A       77%         4
 Olgreb's Toxic Radiance  Alch           13%        N/A       77%         4
 Anguish                  Hex/Necr       6%         N/A       78%         4
 Fulminant Prism          Conj/Alch      6%         3d6       78%         4
 Leda's Liquefaction      Alch/Erth      6%         N/A       78%         4
 Petrify                  Alch/Erth      12%        N/A       78%         4
 Animate Armour           Summ/Erth      24%        N/A       80%         4
 Brom's Barrelling Bould  Conj/Erth      12%        2d4       80%         4
 Cause Fear               Hex            6%         N/A       80%         4
 Flame Wave               Conj/Fire      12%        2d6       80%         4
 Ignite Poison            Fire/Alch      12%        N/A       80%         4
 Sticky Flame             Fire/Alch      12%        2d5       80%         4
 Summon Blazeheart Golem  Fire/Summ      12%        N/A       80%         4
 Summon Lightning Spire   Summ/Air       12%        N/A       82%         4
 Dimensional Bullseye     Hex/Tloc       5%         N/A       83%         4
 Iskenderun's Mystic Bla  Conj/Tloc      12%        2d5       83%         4
 Airstrike                Air            5%         2d(1-17)  86%         4
 Manifold Assault         Tloc           11%        N/A       86%         4
 Passage of Golubria      Tloc           11%        N/A       86%         4
 Vhi's Electric Charge    Tloc/Air       22%        N/A       86%         4
 Alistair's Intoxication  Alch           8%         N/A       98%         5
 Borgnjor's Vile Clutch   Necr/Erth      6%         N/A       98%         5
 Fireball                 Conj/Fire      6%         3d5       98%         5
 Freezing Cloud           Conj/Ice/Air   6%         6-21      98%         5
 Irradiate                Conj/Alch      6%         3d13      98%         5
 Metabolic Englaciation   Hex/Ice        6%         N/A       98%         5
 Summon Mana Viper        Hex/Summ       12%        N/A       98%         5
 Yara's Violent Unravell  Hex/Alch       6%         3d5       98%         5
 Arcjolt                  Conj/Air       6%         1d16      99%         5
 Lee's Rapid Deconstruct  Erth           6%         3d6*      99%         5
 Summon Forest            Summ/Tloc      6%         N/A       99%         5
 Death Channel            Necr           6%         N/A       100%        6
 Dispersal                Tloc           5%         N/A       100%        6
 Eringya's Noxious Bog    Alch           6%         4d6       100%        6
 Plasma Beam              Fire/Air       5%         2x1d16    100%        6
 Sculpt Simulacrum        Ice/Alch       6%         N/A       100%        6
 Starburst                Conj/Fire      6%         6d4       100%        6
 Summon Cactus Giant      Summ           6%         N/A       100%        6
 Enfeeble                 Hex            6%         N/A       100%        7
 Haunt                    Necr/Summ      6%         N/A       100%        7
 Malign Gateway           Summ/Tloc      6%         N/A       100%        7
 Monstrous Menagerie      Summ           6%         N/A       100%        7
 Orb of Destruction       Conj           6%         9d6       100%        7
 Ozocubu's Refrigeration  Ice            7%         4d9       100%        7
 Spellforged Servitor     Conj/Summ      6%         N/A       100%        7
 Summon Hydra             Summ           6%         N/A       100%        7
 Borgnjor's Revivificati  Necr           6%         N/A       100%        8
 Discord                  Hex            6%         N/A       100%        8
 Disjunction              Tloc           5%         N/A       100%        8
 Ignition                 Fire           6%         3d4       100%        8
 Lehudib's Crystal Spear  Conj/Erth      6%         10d3      100%        8
 Maxwell's Capacitive Co  Air            5%         ∞         100%        8
 Summon Horrible Things   Summ           6%         N/A       100%        8
 Chain Lightning          Conj/Air       6%         3d8       100%        9
 Dragon's Call            Summ           6%         N/A       100%        9
 Fire Storm               Conj/Fire      6%         8d2       100%        9
 Polar Vortex             Ice            7%         N/A       100%        9
 Shatter                  Erth           6%         3d9*      100%        9


Dungeon Overview and Level Annotations

Branches:
Dungeon (15/15)            Temple (1/1) D:5            Lair (5/5) D:10
 Shoals (4/4) Lair:3       Spider (4/4) Lair:2        Slime (5/5) Lair:5
    Orc (2/2) D:12            Elf (3/3) Orc:2        Vaults (5/5) D:14
  Crypt (3/3) Vaults:3       Tomb (3/3) Crypt:3      Depths (4/4) D:15
   Hell (visited)             Dis (7/7) Hell            Geh (7/7) Hell
    Coc (7/7) Hell            Tar (7/7) Hell            Zot (5/5) Depths:4
  IceCv (visited)         Gauntlet (visited)

Altars:
Ashenzari
Cheibriados
Dithmenos
Fedhas
Gozag
Hepliaklqana
Kikubaaqudgha
Makhleb
Nemelex Xobeh
Okawaru
Qazlal
Ru
Sif Muna
Trog
Uskayaw
Vehumet
Wu Jian
Xom
Yredelemnul
Jiyva

Shops:
D:1 !   D:2 ?[   D:13 (:*(   Orc:1 *   Orc:2 =*[(   Elf:3 !   Shoals:2 [
Shoals:3 *[(   Vaults:1 (?   Vaults:4 (

Portals:
Hell: Depths:1 Depths:2 Depths:3 Depths:4
Abyss: Depths:1 Depths:3
Pandemonium: Depths:2

Annotations:
Temple 4 transporters


Innate Abilities, Weirdness & Mutations

You are an undying horror.
Your melee and unarmed attacks drain, slow and weaken victims.
You are immune to unholy pain and torment.
You cannot drink.
You are completely covered in slimy green scales. (AC +4, rPois)
Your demonic aura causes all spilled blood to erupt in flames.
When hurt, damage is shared between your health and your magic reserves.
You regenerate magic rapidly.
When low on magic, you restore magic in place of health.
Your presence sometimes corrodes or deforms those you injure.
You can speak a Word of Chaos.
Your touch may irresistibly damage your foes and sap their willpower.
You have a pair of small horns on your head.
You possess an exceptional clarity of mind.


Message History

You closely miss Gonazial.
Gonazial is moderately wounded.
The sixfirhy hits you but does no damage.
The sixfirhy barely misses you.
You hit Gonazial.
Gonazial decays.
You headbutt Gonazial, but do no damage.
You puncture Gonazial!
Gonazial decays.
Your touch misses Gonazial. You punch Gonazial.
Gonazial is moderately wounded.
The sixfirhy completely misses you. x2; Gonazial closely misses you.
You hit Gonazial.
Gonazial decays.
You headbutt Gonazial. You impale Gonazial!!
Gonazial decays.
Gonazial twists and deforms.
You headbutt Gonazial.
You touch Gonazial!
You sap its willpower!
Gonazial is severely wounded.
You barely miss Gonazial. Your headbutt misses Gonazial. You puncture Gonazial!
Gonazial decays.
Gonazial is severely wounded.
You hit Gonazial.
Gonazial decays.
You puncture Gonazial!
Gonazial decays.
Gonazial is severely wounded.
Gonazial gestures at you. The bolt of cold misses you.
You puncture Gonazial!
Gonazial decays.
Gonazial twists and deforms.
You headbutt Gonazial! You hit Gonazial.
Gonazial twists and deforms.
Gonazial decays.
You headbutt Gonazial.
Gonazial is almost dead.
You puncture Gonazial!
Gonazial seems to be corroded for longer.
Gonazial decays.
You touch Gonazial!
You kill Gonazial!
The Council accepts your kill.
You spin and attack the sixfirhy repeatedly.
You barely miss the sixfirhy.
You touch the sixfirhy!
You sap its willpower!
You barely miss the sixfirhy.
The sixfirhy is heavily wounded.
You hit the sixfirhy.
The sixfirhy decays.
Your headbutt misses the sixfirhy. Your touch misses the sixfirhy.
You puncture the sixfirhy!
You kill the sixfirhy!
The Council accepts your kill.
There is a staircase leading out of the dungeon here.
You have escaped!

#.## #.##..# #....
##.##### #.#..####...#
#......# #[...........
#..##### ###.###....##
####..########..##..#....
#.....##.8#.#########.#.#
#...#.##..........# #...#
###....#...8..8..8###.###
###.##z.........'.).###
##.##...8..8..8###....
#..##..........#......
####.###.8#.#########....
##....#.######...# #....
##..........# #..## #....
#...........# #..# #....
#...........# #..# #....
#.>.........# ##.# #.∩..


There were no monsters in sight!

Vanquished Creatures
  Cerebov (Pan)
  Asmodeus (Geh:7)
  Antaeus (Coc:7)
  Ereshkigal (Tar:7)
  Gloorx Vloq (Pan)
  the Royal Jelly (Slime:5)
  Ignacio (Pan)
  Mnoleg (Pan)
  the Serpent of Hell (Geh:7)
  Lom Lobon (Pan)
  Dispater (Dis:7)
  A seraph (Pan)
  11 orbs of fire
  12 ancient liches
  Mennas (Crypt:2)
  10 dread liches
  A juggernaut (Zot:4)
  36 royal mummies
  Vv (Crypt:2)
  Boris (Tomb:2)
  The ghost of Jyfueq the Conqueror, a master GrHu of Okawaru (Zot:5)
  24 shard shrikes
  9 Killer Klowns
  Bai Suzhen (Crypt:3)
  Saint Roka (Vaults:5)
  Margery (Vaults:4)
  4 curse toes
  41 caustic shrikes
  Geryon (Hell)
  9 golden dragons
  5 profane servitors
  23 Tzitzimimeh
  33 bone dragons
  10 pearl dragons
  5 electric golems
  13 doom hounds
  11 Brimstone Fiends
  A shard shrike zombie (Tar:7)
  5 iron giants
  9 hellephants
  10 pandemonium lords
  A spectral shard shrike (Tar:5)
  Mlioglotl (Shoals:2)
  17 tentacled monstrosities
  A shard shrike skeleton (Tar:7)
  Grunn (Zot:1)
  22 tainted leviathans
  21 Ice Fiends
  28 Orb Guardians
  Asterion (Elf:2)
  A walking crystal tome (Depths:4)
  21 Hell Sentinels
  3 deep elf master archers (Elf:3)
  10 liches
  5 walking frostbound tomes
  12 titans
  5 deep elf blademasters
  18 searing wretches
  11 sphinxes
  2 tentacled starspawn
  8 quicksilver dragons
  9 acid blobs
  30 Executioners
  35 ancient champions
  5 krakens
  2 eldritch tentacles (Pan)
  14 death cobs
  16 storm dragons
  9 tengu reavers
  8 revenants
  4 draconian monks (Zot:4)
  4 shadow dragons
  2 nagarajas (Pan)
  22 daevas
  A fenstrider witch (Zig:4)
  3 deep elf sorcerers
  11 protean progenitors
  7 rockslimes
  20 azure jellies
  16 narguns
  22 fire giants
  18 demonspawn warmongers
  16 draconian knights
  10 shard shrike simulacra
  47 balrugs
  19 vault wardens
  4 draconian shifters
  8 emperor scorpions
  13 ghost moths
  A juggernaut zombie (Tomb:1)
  17 frost giants
  4 spectral juggernauts
  9 draconian scorchers
  23 reapers
  6 curse skulls
  3 draconian stormcallers
  4 deep elf elementalists (Elf:3)
  14 quicksilver elementals
  5 iron dragons
  3 spectral caustic shrikes
  34 angels
  15 ghouls
  5 orc warlords
  12 demonspawn corrupters
  12 quicksilver oozes
  5 broodmothers
  16 ironbound preservers
  28 cacodemons
  3 caustic shrike skeletons (Pan)
  3 spriggan defenders
  17 very ugly things
  11 formless jellyfish
  13 demonspawn blood saints (Pan)
  7 draconian annihilators
  13 ironbound thunderhulks
  A rockslime zombie (Crypt:1)
  15 stone giants
  32 apis
  8 black draconians
  10 vampire knights
  A juggernaut skeleton (Pan)
  17 ophanim
  27 elemental wellsprings
  9 deep elf annihilators
  13 green draconians
  14 demonspawn black suns
  11 red draconians
  6 lorocyprocas
  9 dire elephants
  18 putrid mouths
  21 wendigos
  9 purple draconians
  8 deep elf demonologists
  11 spark wasps
  5 grey draconians (Zot:4)
  16 bennus
  40 war gargoyles
  A bunyip (Pan)
  11 deep elf death magi
  9 white draconians
  10 yellow draconians
  5 spectral titans
  22 blizzard demons
  25 iron golems
  15 green deaths (Pan)
  The ghost of wqsa789 the Severer, a journeyman FoFi of Gozag (Orc:1)
  3 crystal guardians
  3 merfolk impalers
  27 mummy priests
  8 fire dragons
  A spectral iron giant (Tar:2)
  3 merfolk javelineers
  13 eidola
  15 ettins
  4 spectral golden dragons (Depths:2)
  4 spectral quicksilver dragons
  6 jiangshi (Crypt:3)
  21 yaktaur captains
  11 entropy weavers
  3 spriggan zombies
  3 spectral spriggans
  A spectral tengu (Depths:2)
  4 rakshasas
  11 salamander tyrants
  Erolcha (D:13)
  9 great orbs of eyes
  9 deep elf high priests
  2 spectral shadow dragons (Depths:2)
  31 vault guards
  4 ice dragons
  4 hell beasts
  8 caustic shrike simulacra
  4 ogre magi
  12 juggernaut simulacra
  2 peacekeepers
  5 jorogumos
  5 death knights
  3 alligators (Pan)
  4 spriggan air magi
  A spriggan skeleton (Tar:7)
  10 ironbound frosthearts
  A merfolk avatar (Shoals:1)
  10 hydras
  6 centaur warriors
  2 spectral fire giants (Depths:2)
  4 spectral frost giants (Depths:2)
  3 catoblepae
  5 merfolk aquamancers
  66 death scarabs
  14 two-headed ogres
  2 sphinx skeletons (Crypt:3)
  7 radroaches
  5 death yaks
  36 dancing weapons
  7 boulder beetles
  7 stokers
  An Orb Guardian skeleton (Crypt:2)
  8 deep troll shamans
  8 deep troll earth magi
  7 satyrs
  2 spriggan berserkers (Depths:4)
  4 tengu warriors
  4 spectral storm dragons (Depths:2)
  23 hell hogs
  17 demonic crawlers
  3 occultists (Depths:1)
  12 orc high priests
  3 shock serpents (Pan)
  8 vampire magi
  A naga sharpshooter (Zig:2)
  15 deep elf knights
  3 hellephant skeletons (Pan)
  89 sun demons
  6 crystal echidnas
  6 sea snakes
  34 shadow wraiths
  A titan skeleton (Crypt:2)
  38 soul eaters
  A fire crab (shapeshifter) (Elf:3)
  34 sixfirhies
  17 hell knights
  10 iron trolls
  2 spectral spark wasps (Depths:2)
  A fire crab (Zig:16)
  3 wretched stars
  An anaconda zombie (Crypt:1)
  9 pharaoh ants
  9 skysharks
  53 deep trolls
  3 death drakes
  A goliath frog (Zig:4)
  24 cherubim
  A sea snake (shapeshifter) (Vaults:5)
  3 spectral anacondas
  An obsidian statue (Zig:8)
  A bunyip zombie (Tomb:3)
  3 quicksilver dragon simulacra
  2 kraken simulacra (Coc:7)
  34 skeletal warriors
  A deep troll (shapeshifter) (Vaults:5)
  17 arcanists
  10 glowing orange brains
  A golden dragon zombie (Vaults:4)
  3 orange crystal statues
  A spectral hydra (Tar:2)
  15 orb spiders
  4 bog bodies
  13 flayed ghosts
  10 ironbound convokers
  25 shadow demons
  14 sun moths
  5 spectral wolf spiders (Spider:1)
  A sun moth (shapeshifter) (Vaults:5)
  12 orc knights
  8 deep elf archers
  19 phantasmal warriors
  An alligator zombie (Crypt:3)
  6 necromancers
  17 lindwurms
  A lindwurm (shapeshifter) (Zig:8)
  10 steelbarb worms
  16 orc sorcerers
  5 wolf spider zombies
  25 deep elf pyromancers
  36 deep elf zephyrmancers
  26 wolf spiders
  12 harpies
  A spectral ettin (Depths:2)
  3 will-o-the-wisps (Zig:16)
  4 cyclopes
  4 lightning spires (Abyss:5)
  26 moths of wrath
  A draconian zombie (Zot:1)
  A shining eye (shapeshifter) (Vaults:5)
  48 large abominations
  22 fauns
  6 shining eyes
  12 manticores
  39 ugly things
  A meliai (shapeshifter) (D:15)
  2 centaur zombies
  6 black mambas
  5 water nymphs
  6 elephants
  3 Executioner simulacra (Pan)
  A draconian skeleton (Zot:1)
  6 molten gargoyles (Geh:7)
  7 meliai
  20 vault sentinels
  7 titan simulacra
  A guardian serpent (Zig:2)
  2 kobold blastminers
  46 smoke demons
  10 ice statues
  14 merfolk sirens
  9 rust devils
  The ghost of gb0801 the Trooper, a novice HuBr (D:4)
  2 naga magi (Zig:2)
  A grey draconian zombie (Crypt:1)
  4 eyes of devastation
  A gargoyle (D:12)
  A mana viper skeleton (Crypt:2)
  7 torpor snails
  A dire elephant skeleton (Tar:7)
  An unseen horror (D:12)
  2 centaur skeletons (D:15)
  16 cane toads
  An alligator snapping turtle skeleton (Tomb:3)
  22 hellions
  An unseen horror zombie (Crypt:1)
  A naga skeleton (Tar:7)
  7 rime drakes
  43 yaktaurs
  25 orange demons
  A yaktaur zombie (Vaults:3)
  15 komodo dragons
  5 freezing wraiths
  A bunyip simulacrum (Coc:2)
  An orb spider zombie (Crypt:3)
  3 tengu conjurers
  15 ice devils
  45 guardian mummies
  16 efreet
  53 tormentors
  5 ancient zymes
  6 kobold demonologists
  3 human skeletons
  2 spectral glowing shapeshifters (Depths:2)
  A hydra zombie (Tomb:1)
  2 elf skeletons (Vaults:3)
  7 anaconda simulacra
  3 harpy zombies
  17 hellwings (Pan)
  3 golden dragon simulacra
  A death yak skeleton (Crypt:1)
  A death drake zombie (Crypt:2)
  A spectral naga (Tar:7)
  A merfolk (shapeshifter) (Vaults:5)
  2 red devils
  A shadow dragon simulacrum (Depths:2)
  2 silent spectres
  2 spectral harpies (Tar:7)
  7 iron giant simulacra
  A green draconian skeleton (Zot:1)
  6 wolf spider simulacra (Spider:1)
  4 wind drakes
  The ghost of ironshield the Chopper, an amateur HOFi of the Shining One (D:7)
  3 tengu simulacra (Depths:2)
  11 trolls
  21 merfolk
  6 polar bears
  28 dream sheep
  A tyrant leech (Zig:4)
  21 tarantellas
  6 snapping turtles
  2 spectral guardian serpents (Crypt:1)
  11 hornets
  10 raiju
  5 iron dragon simulacra
  3 harpy skeletons
  5 glass eyes
  22 blink frogs
  90 slime creatures
  A stone giant simulacrum (Coc:3)
  2 radroach zombies
  A guardian serpent zombie (Crypt:2)
  A human simulacrum (Vaults:4)
  18 culicivoras
  27 jumping spiders
  A centaur simulacrum (Hell)
  2 vampires
  7 wraiths
  A slime creature (shapeshifter) (Vaults:5)
  17 spriggans
  A shadow (D:8)
  9 water elementals
  2 air elementals
  32 ynoxinuls
  3 humans (D:14)
  4 basilisks
  A wyvern (Lair:4)
  2 fire elementals (Elf:3)
  44 yaks
  10 dire elephant simulacra
  12 golden eyes
  5 starcursed masses (Abyss:2)
  19 ushabtiu
  2 death yak simulacra (IceCv)
  8 wargs
  A redback (shapeshifter) (Zig:8)
  51 redbacks
  5 vampire mosquitoes
  13 chaos spawn
  37 neqoxecs
  5 small abominations
  11 harpy simulacra
  2 acid dragons
  16 water moccasins
  An ogre zombie (Vaults:4)
  8 hydra simulacra
  A glowing shapeshifter skeleton (Vaults:4)
  An ogre skeleton (Vaults:3)
  71 orc warriors
  10 hell hounds
  A meliai simulacrum (D:15)
  2 sky beasts
  3 ice beasts (D:7)
  A hornet zombie (D:15)
  12 laughing skulls
  7 black bears
  A swamp dragon zombie (Crypt:2)
  An ettin simulacrum (Coc:7)
  A black mamba simulacrum (Coc:2)
  33 ogres
  31 wolves
  6 boggarts
  14 centaurs
  3 kobold brigands (D:7)
  A weeping skull (D:3)
  6 bullfrogs
  6 brain worms (Pan)
  A gnoll sergeant (D:12)
  2 scorpions
  8 necrophages
  6 two-headed ogre simulacra (IceCv)
  4 glowing shapeshifter simulacra (Depths:2)
  2 cane toad simulacra (IceCv)
  An earth elemental (Elf:1)
  12 wights
  A cyclops skeleton (Crypt:3)
  An elephant simulacrum (IceCv)
  3 killer bees (D:10)
  6 howler monkeys
  13 electric eels
  3 bombardier beetles
  4 crimson imps (D:4)
  A wyvern simulacrum (D:7)
  3 gnoll boudas
  An iron imp (Abyss:4)
  4 hounds
  A jelly (D:5)
  A human zombie (Crypt:2)
  20 orc priests
  A sleepcap (D:5)
  An iguana (D:6)
  10 spriggan simulacra
  A boggart zombie (Crypt:3)
  7 hell rats
  39 orc wizards
  8 troll simulacra (IceCv)
  3 polar bear simulacra (IceCv)
  3 wolf simulacra (IceCv)
  A deep dwarf zombie (Crypt:2)
  A naga zombie (Crypt:1)
  53 mummies
  A killer bee simulacrum (D:7)
  18 gnolls
  10 adders
  6 naga simulacra
  A shadow imp (Abyss:2)
  12 white imps
  15 ufetubi
  A ribbon worm (D:2)
  2 dart slugs
  136 orcs
  7 bats
  A bat zombie (Crypt:1)
  8 endoplasms
  4 goblins
  8 hobgoblins
  3 jackals (D:1)
  7 quokkas
  9 ball pythons
  A ball python zombie (Crypt:2)
  2 frilled lizards
  A gnoll skeleton (Crypt:1)
  22 kobolds
  8 rats
  A spectral orc (D:3)
  3 aspiring fleshes (Pan)
  A ball lightning (Pan)
  5 creeping infernos
  10 fire vortices
  2 spectral weapons
  2 starspawn tentacles
  17 tentacles
4872 creatures vanquished.

Vanquished Creatures (collateral kills)
  3 bone dragons (Tar:5)
  A doom hound (Tar:5)
  A death scarab (Tomb:1)
  A spectral dire elephant (Tar:5)
  A spectral anaconda (Tar:5)
  A hellion (Tar:5)
8 creatures vanquished.

Vanquished Creatures (others)
  A shard shrike (Coc:7)
  An eldritch tentacle (Pan)
  A ghost moth (Zig:11)
  3 shard shrike simulacra (Coc:7)
  A balrug (Geh:5)
  A demonspawn black sun (Pan)
  A blizzard demon (Pan)
  3 caustic shrike simulacra
  2 juggernaut simulacra (Coc:7)
  2 hell hogs (Geh:5)
  A sun demon (Pan)
  A deep elf knight (Elf:2)
  A quicksilver dragon simulacrum (Coc:6)
  A kraken simulacrum (Coc:7)
  3 spriggan simulacra
  2 will-o-the-wisps (Zig:16)
  A meliai (Zot:4)
  A moth of wrath (Zot:2)
  An Executioner simulacrum (Pan)
  A titan simulacrum (Coc:6)
  A smoke demon (Pan)
  A dire elephant simulacrum (Coc:4)
  2 naga simulacra
  2 harpy simulacra
  An orc warrior (Zig:13)
  An ettin simulacrum (Coc:7)
  An orc priest (Vaults:5)
  2 orc wizards (Orc:2)
  A hell rat (Hell)
  An orc (Vaults:5)
  A ball lightning (Pan)
  4 creeping infernos
  23 foxfires (Zig:16)
  6 starspawn tentacles
  24 tentacles
100 creatures vanquished.

Grand Total: 4980 creatures vanquished

Notes
Turn   | Place    | Note
-------+----------+-------------------------------------------
     0 | D:1      | PidgeyThePirate the Demonspawn Gladiator began the quest
                  | for the Orb.
     0 | D:1      | Reached XP level 1. HP: 16/16 MP: 1/1
    37 | D:1      | Gained mutation: You regenerate magic rapidly. [demonic
                  | ancestry]
    37 | D:1      | Reached XP level 2. HP: 15/22 MP: 2/2
    65 | D:1      | Found Ato Nuep's Distillery.
   712 | D:2      | Found Tefoem's Armour Shoppe.
   856 | D:2      | Gained mutation: You are partially covered in slimy green
                  | scales. (AC +2) [demonic ancestry]
   856 | D:2      | Reached XP level 3. HP: 26/27 MP: 3/3
  1148 | D:2      | Found Zegad's Magic Scroll Emporium.
  1526 | D:3      | Reached skill level 1 in Long Blades
  1618 | D:3      | Gained mutation: You are mostly covered in slimy green
                  | scales. (AC +3) [demonic ancestry]
  1618 | D:3      | Reached XP level 4. HP: 28/34 MP: 4/4
  2009 | D:3      | Found a basalt altar of Yredelemnul.
  2009 | D:3      | Noticed a weeping skull
  2396 | D:4      | Reached skill level 1 in Armour
  2522 | D:4      | Found a shimmering altar of Xom.
  2663 | D:4      | Gained mutation: Your touch may inflict minor irresistible
                  | damage on your foes. [demonic ancestry]
  2663 | D:4      | Reached XP level 5. HP: 34/39 MP: 5/5
  3117 | D:4      | Found a large runed translucent door.
  3117 | D:4      | Found a large runed translucent door.
  3119 | D:4      | Noticed gb0801's ghost (novice HuBr)
  3136 | D:4      | Reached XP level 6. HP: 46/46 MP: 6/6
  3316 | D:5      | Entered Level 5 of the Dungeon
  3323 | D:5      | Found a staircase to the Ecumenical Temple.
  3351 | Temple   | Found a transporter.
  3351 | Temple   | Found a transporter.
  3351 | Temple   | Found a transporter.
  3351 | Temple   | Found a transporter.
  3351 | Temple   | Entered the Ecumenical Temple
  3543 | D:5      | Reached XP level 7. HP: 46/52 MP: 7/7
  3624 | D:5      | Reached skill level 1 in Stealth
  3818 | D:5      | Identified the +2 leather armour of Repulsion {Str+3}
  3846 | D:5      | Reached skill level 5 in Short Blades
  4445 | D:5      | Gained mutation: When hurt, damage is shared between your
                  | health and your magic reserves. [demonic ancestry]
  4445 | D:5      | Reached XP level 8. HP: 60/60 MP: 8/8
  4748 | D:6      | Noticed a troll
  4776 | D:6      | Killed a troll
  5000 | D:6      | Reached skill level 5 in Dodging
  5819 | D:7      | Gained mutation: You are completely covered in slimy green
                  | scales. (AC +4, rPois) [demonic ancestry]
  5819 | D:7      | Reached XP level 9. HP: 18/65 MP: 7/9
  5991 | D:7      | Found a radiant altar of Vehumet.
  6404 | D:7      | Found a runed translucent gate.
  6404 | D:7      | Found a runed translucent gate.
  6404 | D:7      | Found a runed translucent gate.
  6417 | D:7      | Noticed ironshield's ghost (amateur HOFi)
  6438 | D:7      | Found the +4 skin of Zhor {*Englaciate rC+++ SInv}
  6645 | D:7      | Killed ironshield's ghost
  7370 | D:4      | Killed gb0801's ghost
  7550 | D:3      | You fall into a shaft and drop 1 floor!
  7684 | D:8      | Noticed a two-headed ogre
  7704 | D:8      | Killed a two-headed ogre
  7705 | D:8      | Reached skill level 5 in Fighting
  7705 | D:8      | Gained mutation: Your demonic aura sometimes causes spilled
                  | blood to erupt in flames. [demonic ancestry]
  7705 | D:8      | Reached XP level 10. HP: 63/74 MP: 10/10
  7996 | D:8      | Found an opulent altar of Gozag.
  8925 | D:8      | Noticed a boulder beetle
  8943 | D:8      | Reached skill level 10 in Short Blades
  9589 | D:9      | Found an iron altar of Okawaru.
  9657 | D:9      | Found a shadowy altar of Dithmenos.
  9658 | D:9      | Found a sacrificial altar of Ru.
  9884 | D:9      | Found an ornate altar of the Wu Jian Council.
  9886 | D:9      | Found a sparkling altar of Nemelex Xobeh.
  9887 | D:9      | Found a shimmering blue altar of Sif Muna.
  9892 | D:9      | Became a worshipper of the Wu Jian Council
 10002 | D:10     | Entered Level 10 of the Dungeon
 10029 | D:10     | Found a staircase to the Lair.
 10148 | D:10     | Reached XP level 11. HP: 70/81 MP: 9/11
 10316 | D:10     | You fall into a shaft and drop 3 floors!
 10316 | D:13     | Found Omaxuc's Weapon Shop.
 10343 | D:13     | Found Cuall's Book Shoppe.
 10370 | D:13     | Noticed a centaur warrior
 10376 | D:12     | Noticed a two-headed ogre
 10386 | D:12     | Killed a two-headed ogre
 10404 | D:12     | Found a frozen archway.
 10414 | IceCv    | Entered an ice cave
 10515 | IceCv    | Reached * piety under Wu Jian
 10770 | IceCv    | Reached ** piety under Wu Jian
 11160 | IceCv    | Noticed a bog body
 11160 | IceCv    | Noticed a bog body
 11171 | IceCv    | Killed a bog body
 11194 | IceCv    | Killed a bog body
 11236 | IceCv    | Reached *** piety under Wu Jian
 11565 | D:12     | Found a staircase to the Orcish Mines.
 11675 | D:12     | Reached skill level 5 in Stealth
 12009 | D:12     | Reached **** piety under Wu Jian
 12573 | D:12     | Reached skill level 5 in Armour
 12684 | D:12     | Noticed a deep elf pyromancer
 12691 | D:12     | Killed a deep elf pyromancer
 12692 | D:12     | Reached XP level 12. HP: 91/91 MP: 12/12
 13024 | D:13     | Killed a centaur warrior
 13159 | D:13     | Found Qeobuavi's Weapon Boutique.
 13162 | D:13     | Noticed an eight-headed hydra
 13410 | D:13     | Noticed a centaur warrior
 13412 | D:13     | Killed a centaur warrior
 13466 | D:13     | Noticed a centaur warrior
 13488 | D:13     | Killed a centaur warrior
 13823 | D:13     | Found Aquunuah's General Store.
 13855 | D:13     | Noticed a two-headed ogre
 13855 | D:13     | Noticed a two-headed ogre
 13856 | D:13     | Noticed a two-headed ogre
 13870 | D:13     | Killed a two-headed ogre
 13874 | D:13     | Killed a two-headed ogre
 13879 | D:13     | Killed a two-headed ogre
 14030 | D:13     | Noticed a two-headed ogre
 14030 | D:13     | Noticed a two-headed ogre
 14032 | D:13     | Noticed Erolcha
 14032 | D:13     | Noticed a two-headed ogre
 14061 | D:13     | Killed a two-headed ogre
 14070 | D:13     | Killed a two-headed ogre
 14080 | D:13     | Killed Erolcha
 14081 | D:13     | Killed a two-headed ogre
 14085 | D:13     | Reached ***** piety under Wu Jian
 14095 | D:13     | Identified the +5 arbalest "Tekie" {heavy, rElec rF+++ rC-
                  | Dex-2}
 14203 | D:14     | Noticed a catoblepas
 14426 | D:13     | Killed an eight-headed hydra
 14901 | D:11     | Found a gate leading to a gauntlet.
 14910 | Gauntlet | Entered a Gauntlet
 14910 | Gauntlet | Found a transporter.
 14910 | Gauntlet | Found a transporter.
 14910 | Gauntlet | Found a runed translucent gate.
 14914 | Gauntlet | Found a runed translucent gate.
 14915 | Gauntlet | Found a runed translucent gate.
 14923 | Gauntlet | Found a transporter.
 14939 | Gauntlet | Noticed a death yak
 14940 | Gauntlet | Found a transporter.
 14940 | Gauntlet | Found a transporter.
 14940 | Gauntlet | Found a transporter.
 14940 | Gauntlet | Noticed a death yak
 14940 | Gauntlet | Noticed a death yak
 14942 | Gauntlet | Found a transporter.
 14942 | Gauntlet | Found a transporter.
 14944 | Gauntlet | Noticed a death yak
 14944 | Gauntlet | Noticed a death yak
 14957 | Gauntlet | Found a transporter.
 14970 | Gauntlet | Found a transporter.
 14980 | Gauntlet | Found a transporter.
 14997 | Gauntlet | Found a transporter.
 15034 | Gauntlet | Found a transporter.
 15042 | Gauntlet | Noticed a death scarab
 15046 | Gauntlet | Found a transporter.
 15585 | D:11     | Noticed a fire dragon
 15672 | D:10     | Found a broken altar of Ashenzari.
 15722 | D:10     | Reached skill level 1 in Ranged Weapons
 15722 | D:10     | Gained mutation: Your touch may inflict irresistible damage
                  | on your foes. [demonic ancestry]
 15722 | D:10     | Reached XP level 13. HP: 96/100 MP: 13/13
 15845 | D:10     | Got Sif Muna's Encyclopedia of Sinister Arts and
                  | Ensorcelling
 16137 | Lair:1   | Entered Level 1 of the Lair of Beasts
 17237 | Lair:2   | Reached skill level 10 in Dodging
 17297 | Lair:2   | Found a hole to the Spider Nest.
 17971 | Lair:2   | Reached skill level 10 in Fighting
 18783 | Lair:3   | Reached skill level 1 in Spellcasting
 19194 | Lair:3   | Reached ****** piety under Wu Jian
 19586 | Lair:3   | Found a staircase to the Shoals.
 19923 | Lair:4   | Reached XP level 14. HP: 111/111 MP: 17/17
 20418 | Lair:4   | You fall into a shaft and drop 1 floor!
 20418 | Lair:5   | Entered Level 5 of the Lair of Beasts
 20573 | Lair:5   | Found a staircase to the Slime Pits.
 20577 | Lair:5   | Found a viscous altar of Jiyva.
 20884 | Lair:5   | Identified the +5 ring mail of the Circus Animal {rC+ rN+
                  | Will+}
 20887 | Lair:5   | Identified the +0 short sword "Qosieboa" {freeze, rF+
                  | Dex+2}
 22708 | Orc:1    | Entered Level 1 of the Orcish Mines
 22828 | Orc:1    | You fall into a shaft and drop 1 floor!
 22828 | Orc:2    | Entered Level 2 of the Orcish Mines
 22843 | Orc:2    | Found a staircase to the Elven Halls.
 22848 | Orc:2    | Found Sownuh's General Store.
 22848 | Orc:2    | Found Kiadghibe's Jewellery Emporium.
 22860 | Orc:2    | Paralysed by an orc sorcerer for 3 turns
 22880 | Orc:2    | Reached skill level 5 in Spellcasting
 23011 | Orc:2    | Noticed an orc warlord
 23037 | Orc:2    | Killed an orc warlord
 23045 | Orc:2    | Gained mutation: Your demonic aura often causes spilled
                  | blood to erupt in flames. [demonic ancestry]
 23045 | Orc:2    | Reached XP level 15. HP: 91/122 MP: 23/23
 23332 | Orc:2    | Found Zynocu's Antique Armour Shoppe.
 23333 | Orc:2    | Found Muaj No Comm's Antique Weapon Shoppe.
 23464 | Orc:2    | Identified 2 scrolls of acquirement
 23475 | Orc:2    | Acquired 431 gold pieces
 23476 | Orc:2    | Acquired a +3 quick blade of protection
 23507 | Orc:2    | Bought a pair of glowing boots for 202 gold pieces
 23507 | Orc:2    | Bought a runed cloak for 202 gold pieces
 23531 | Orc:2    | Bought a slimy rapier for 261 gold pieces
 23531 | Orc:2    | Identified the +8 rapier of the Hammering Gods {freeze,
                  | *Noise rElec rCorr SInv} (You bought it in a shop on level
                  | 2 of the Orcish Mines)
 23531 | Orc:2    | Bought a glowing short sword for 174 gold pieces
 23531 | Orc:2    | Bought a glowing short sword for 174 gold pieces
 23597 | Orc:1    | Found a transporter.
 23611 | Orc:1    | Found a transporter.
 23630 | Orc:1    | Found a bloodstained altar of Trog.
 23640 | Orc:1    | Noticed wqsa789's ghost (journeyman FoFi)
 23660 | Orc:1    | Killed wqsa789's ghost
 23773 | Orc:1    | Found Heab's Assorted Antiques.
 23781 | Orc:1    | Bought a potion of resistance for 340 gold pieces
 24092 | Orc:2    | Bought a +4 ring of protection for 468 gold pieces
 24095 | Orc:2    | Bought a ring of protection from cold for 325 gold pieces
 24095 | Orc:2    | Bought a ring of protection from fire for 325 gold pieces
 24812 | D:14     | Found a burning altar of Makhleb.
 25389 | D:14     | Found a gate to the Vaults.
 25548 | D:15     | Entered Level 15 of the Dungeon
 25769 | D:15     | Found an ornate altar of the Wu Jian Council.
 25829 | D:15     | Identified the +0 leather armour of Boan {Dex+6 Slay-2}
 26018 | D:15     | Found a staircase to the Depths.
 26023 | D:15     | Reached skill level 10 in Stealth
 26565 | Spider:1 | Entered Level 1 of the Spider Nest
 27059 | Spider:1 | Gained mutation: Your demonic aura causes all spilled blood
                  | to erupt in flames. [demonic ancestry]
 27059 | Spider:1 | Reached XP level 16. HP: 133/133 MP: 25/25
 27850 | Spider:1 | Gained mutation: You occasionally lose the ability to drink
                  | potions when taking damage. [mutagenic glow]
 27860 | Spider:1 | Gained mutation: You are clumsy. (Dex -2) [mutagenic glow]
 28122 | Spider:2 | Lost mutation: You are clumsy. (Dex -2) [potion of
                  | mutation]
 28122 | Spider:2 | Lost mutation: You occasionally lose the ability to drink
                  | potions when taking damage. [potion of mutation]
 28122 | Spider:2 | Gained mutation: You occasionally shout uncontrollably at
                  | your foes. [potion of mutation]
 28122 | Spider:2 | Lost mutation: You occasionally shout uncontrollably at
                  | your foes. [potion of mutation]
 28122 | Spider:2 | Gained mutation: Your flesh is cold resistant. (rC+)
                  | [potion of mutation]
 29479 | Spider:3 | Reached skill level 15 in Fighting
 30186 | Spider:3 | Got the Elucidation of Conflagration
 30274 | Spider:4 | Entered Level 4 of the Spider Nest
 30601 | Spider:4 | Identified the +1 plate armour "Zayvuqua" {rPois rCorr
                  | Str+3}
 31082 | Spider:4 | Reached XP level 17. HP: 131/142 MP: 23/26
 31400 | Spider:4 | Reached skill level 5 in Ranged Weapons
 31400 | Spider:4 | Gained mutation: Your touch may irresistibly damage your
                  | foes and sap their willpower. [demonic ancestry]
 31400 | Spider:4 | Reached XP level 18. HP: 90/151 MP: 16/27
 31686 | Spider:4 | Got a gossamer rune of Zot
 31939 | Shoals:1 | Entered Level 1 of the Shoals
 32706 | Shoals:1 | Reached skill level 10 in Armour
 33219 | Shoals:2 | Identified the +6 plate armour "Moax" {rF+++ Regen+ Int-4
                  | Dex+5}
 33241 | Shoals:2 | Found a transporter.
 33315 | Shoals:2 | Noticed Mlioglotl
 33328 | Shoals:2 | Killed Mlioglotl
 33341 | Shoals:2 | Found a transporter.
 33343 | Shoals:2 | Found Diclegit's Antique Armour Emporium.
 34123 | Shoals:3 | Found Egyac's Assorted Antiques.
 34221 | Shoals:3 | Found Hataox's Weapon Boutique.
 35346 | Shoals:3 | Found Mipun's Antique Armour Boutique.
 35350 | Shoals:3 | Bought a heavily runed chain mail for 275 gold pieces
 35350 | Shoals:3 | Identified the +9 chain mail of Unambiguity {rCorr Str+4
                  | Dex-5} (You bought it in a shop on level 3 of the Shoals)
 35710 | Shoals:4 | Entered Level 4 of the Shoals
 35737 | Shoals:4 | Identified the +5 long sword of Havoc {antimagic, rPois
                  | Int+2 Stlth+}
 36149 | Shoals:4 | Reached XP level 19. HP: 131/157 MP: 22/28
 36672 | Shoals:4 | Got a barnacled rune of Zot
 37218 | Elf:1    | Entered Level 1 of the Elven Halls
 37384 | Elf:1    | Reached skill level 1 in Evocations
 37671 | Elf:1    | Paralysed by an air elemental for 1 turns
 37680 | Elf:1    | Reached skill level 10 in Ranged Weapons
 37699 | Elf:1    | Got the Annotations on Company
 37967 | Elf:2    | Found Mothryrph's Distillery.
 37980 | Elf:2    | Bought 2 potions of heal wounds for 190 gold pieces
 38026 | Elf:2    | Noticed Asterion
 38045 | Elf:2    | Killed Asterion
 38520 | Elf:2    | Found a runed translucent gate.
 38521 | Elf:2    | Found a runed translucent gate.
 38521 | Elf:2    | Found a runed translucent gate.
 39122 | Elf:2    | Reached skill level 5 in Evocations
 39674 | Elf:2    | Identified the blade talisman "Zawnypha" {rElec Will+}
 39816 | Elf:3    | Entered Level 3 of the Elven Halls
 40031 | Elf:3    | Found Qiem's Distillery.
 40157 | Elf:3    | Identified the +9 glaive of the Distant Future {freeze,
                  | *Corrode Int+4 Dex+3 Stlth+}
 40257 | Elf:3    | Reached skill level 1 in Invocations
 40376 | Elf:3    | Reached skill level 1 in Ice Magic
 40675 | Elf:3    | Identified the +0 buckler of the Shoals {SInv}
 40675 | Elf:3    | Identified the ring of Pihek {MP+9 Str+3}
 40900 | Elf:3    | Reached XP level 20. HP: 164/164 MP: 29/29
 40984 | Elf:3    | Reached skill level 1 in Necromancy
 41009 | Elf:3    | Reached skill level 1 in Alchemy
 41010 | Elf:3    | Reached skill level 1 in Maces & Flails
 41011 | Elf:3    | Reached skill level 1 in Shields
 41011 | Elf:3    | Reached skill level 1 in Summonings
 41167 | Elf:3    | Identified the +3 orcbow of the Dowdy God {flame, Dex+4}
 41167 | Elf:3    | Identified the amulet "Riaggyv" {Reflect Dex+2 SH+5}
 41175 | Elf:3    | Identified the +5 sling of the Four Artists {speed, rElec
                  | MP-9 Int+5 Stlth-}
 41175 | Elf:3    | Identified the ring of the Elephant {rPois rN+ Str+3 SInv}
 41613 | Elf:3    | Identified the +1 mace "Memufi" {elec, rC+}
 41670 | Elf:3    | Identified the staff of Ykho {rC- SInv Tloc Earth Alchemy}
 41681 | Elf:3    | Identified the +1 mace of Fortitude {spect, *Corrode Str+4}
 42175 | D:1      | Bought a potion of heal wounds for 60 gold pieces
 42175 | D:1      | Bought a potion of curing for 36 gold pieces
 42175 | D:1      | Bought a potion of curing for 36 gold pieces
 42175 | D:1      | Bought a potion of curing for 36 gold pieces
 42175 | D:1      | Bought a potion of heal wounds for 60 gold pieces
 42454 | Elf:2    | Bought 2 potions of mutation for 304 gold pieces
 42454 | Elf:2    | Bought a potion of mutation for 152 gold pieces
 42454 | Elf:2    | Bought a potion of curing for 57 gold pieces
 42454 | Elf:2    | Bought a potion of curing for 57 gold pieces
 42454 | Elf:2    | Bought a potion of curing for 57 gold pieces
 42638 | Vaults:1 | Entered Level 1 of the Vaults
 42672 | Vaults:1 | Reached skill level 1 in Shapeshifting
 43240 | Vaults:1 | Reached skill level 5 in Shapeshifting
 43856 | Vaults:1 | Found Xeugaasu's Weapon Shop.
 43866 | Vaults:1 | Found Seibugit's Magic Scroll Shop.
 43928 | Vaults:2 | Found a portal to a secret trove of treasure.
 45195 | Vaults:2 | Gained mutation: Your presence sometimes corrodes those you
                  | injure. [demonic ancestry]
 45195 | Vaults:2 | Reached XP level 21. HP: 171/171 MP: 30/30
 45274 | Vaults:2 | Reached skill level 10 in Shapeshifting
 46958 | Vaults:3 | Found a staircase to the Crypt.
 48344 | Vaults:4 | Noticed Margery
 48358 | Vaults:4 | Killed Margery
 48974 | Vaults:4 | Found Itwonon's Antique Weapon Emporium.
 49278 | Depths:1 | Entered Level 1 of the Depths
 49532 | Depths:1 | Found a one-way gate to the infinite horrors of the Abyss.
 49794 | Depths:1 | Gained mutation: Your presence sometimes corrodes or
                  | deforms those you injure. [demonic ancestry]
 49794 | Depths:1 | Reached XP level 22. HP: 166/167 MP: 31/31
 49841 | Depths:1 | Found a gateway to Hell.
 50448 | Depths:1 | Reached skill level 15 in Shapeshifting
 50687 | Depths:2 | Noticed a caustic shrike
 51841 | Depths:2 | Found a one-way gate leading to the halls of Pandemonium.
 51847 | Depths:2 | Identified the orb "Wyczeota" {*channel, +Blink +Inv rN+++
                  | Slay-6 Fire}
 51862 | Depths:2 | Identified the ring of Ummanon {Wiz Dex+4}
 51888 | Depths:2 | Gained mutation: When low on magic, you restore magic in
                  | place of health. [demonic ancestry]
 51888 | Depths:2 | Reached XP level 23. HP: 184/184 MP: 32/32
 51936 | Depths:2 | Killed a caustic shrike
 52570 | Depths:2 | Noticed an ancient lich
 52574 | Depths:2 | Killed an ancient lich
 52800 | Depths:2 | Reached XP level 24. HP: 191/191 MP: 27/32
 54017 | Depths:4 | Entered Level 4 of the Depths
 54302 | Depths:3 | Gained mutation: You can speak a Word of Chaos. [demonic
                  | ancestry]
 54302 | Depths:3 | Reached XP level 25. HP: 175/197 MP: 32/32
 54569 | Depths:4 | Got the Tractate on the Autopsy and the Hornet
 54831 | Depths:4 | Found a one-way gateway to a ziggurat.
 54981 | Depths:4 | Found a sparkling altar of Nemelex Xobeh.
 55332 | Depths:4 | Found a gate to the Realm of Zot.
 56231 | Crypt:1  | Entered Level 1 of the Crypt
 56681 | Crypt:1  | Acquired 1053 gold pieces
 56994 | Crypt:1  | Identified the +5 glaive of the Spinneret {flame, Str+5
                  | Int+3 Stlth-}
 57123 | Crypt:1  | Identified the +5 sling of Turghafu {drain, Str+3}
 57134 | Crypt:1  | Identified the +3 mace "Vagrur" {venom, Str+4 Dex-5}
 57149 | Crypt:1  | Identified the +10 war axe of Geropier {heavy, Will+ rCorr}
 57838 | Crypt:2  | Noticed Vv
 58726 | Crypt:2  | Noticed Mennas
 58751 | Crypt:2  | Killed Mennas
 58923 | Crypt:2  | Killed Vv
 58982 | Crypt:3  | Entered Level 3 of the Crypt
 59029 | Crypt:3  | Noticed Bai Suzhen
 59039 | Crypt:3  | Killed Bai Suzhen
 60733 | Crypt:3  | Found a staircase to the Tomb.
 60904 | Crypt:3  | Noticed a dread lich
 60904 | Crypt:3  | Noticed an ancient lich
 60905 | Crypt:3  | Noticed a dread lich
 61229 | Crypt:3  | Killed a dread lich
 61230 | Crypt:3  | Reached XP level 26. HP: 108/197 MP: 18/32
 61551 | Crypt:3  | Killed a dread lich
 61565 | Crypt:3  | Killed an ancient lich
 61607 | Crypt:3  | Got the Exposition on Lamentation
 61979 | Depths:1 | Voluntarily entered the Abyss.
 62018 | Abyss:2  | Found a corrupted altar of Lugonu.
 62246 | Abyss:2  | Found a corrupted altar of Lugonu.
 62357 | Abyss:3  | Found a shimmering blue altar of Sif Muna.
 62402 | Abyss:3  | Identified the amulet "Yshob" {RegenMP Int+5}
 62419 | Abyss:3  | Got the Notes on Bringing Forth
 62809 | Abyss:5  | Found a corrupted altar of Lugonu.
 62850 | Abyss:5  | Gained mutation: Armour fits poorly on your strangely
                  | shaped body. [a neqoxec]
 62853 | Abyss:5  | Got an abyssal rune of Zot
 62863 | Depths:1 | Escaped the Abyss
 63057 | Depths:1 | Lost mutation: Your flesh is cold resistant. (rC+) [potion
                  | of mutation]
 63057 | Depths:1 | Lost mutation: Armour fits poorly on your strangely shaped
                  | body. [potion of mutation]
 63057 | Depths:1 | Gained mutation: Your magical capacity is low. (-10% MP)
                  | [potion of mutation]
 63057 | Depths:1 | Gained mutation: You occasionally shout uncontrollably at
                  | your foes. [potion of mutation]
 63057 | Depths:1 | Gained mutation: Your natural rate of healing is unusually
                  | fast. [potion of mutation]
 63058 | Depths:1 | Lost mutation: Your natural rate of healing is unusually
                  | fast. [potion of mutation]
 63058 | Depths:1 | Lost mutation: Your magical capacity is low. (-10% MP)
                  | [potion of mutation]
 63058 | Depths:1 | Lost mutation: You occasionally shout uncontrollably at
                  | your foes. [potion of mutation]
 63058 | Depths:1 | Gained mutation: You possess an exceptional clarity of
                  | mind. [potion of mutation]
 63058 | Depths:1 | Gained mutation: Your magical capacity is low. (-10% MP)
                  | [potion of mutation]
 63058 | Depths:1 | Gained mutation: You have hidden genetic defects. [potion
                  | of mutation]
 63059 | Depths:1 | Lost mutation: Your magical capacity is low. (-10% MP)
                  | [potion of mutation]
 63059 | Depths:1 | Lost mutation: You possess an exceptional clarity of mind.
                  | [potion of mutation]
 63059 | Depths:1 | Gained mutation: You are frail. (-10% HP) [potion of
                  | mutation]
 63059 | Depths:1 | Gained mutation: Your body sometimes deteriorates upon
                  | taking damage. [potion of mutation]
 63060 | Depths:1 | Lost mutation: You are frail. (-10% HP) [potion of
                  | mutation]
 63060 | Depths:1 | Lost mutation: Your body sometimes deteriorates upon taking
                  | damage. [potion of mutation]
 63060 | Depths:1 | Gained mutation: You are occasionally teleported next to
                  | monsters. [potion of mutation]
 63060 | Depths:1 | Gained mutation: Your spells are a little harder to cast,
                  | but a little more powerful. [potion of mutation]
 63061 | Depths:1 | Lost mutation: Your spells are a little harder to cast, but
                  | a little more powerful. [potion of mutation]
 63061 | Depths:1 | Lost mutation: You have hidden genetic defects. [potion of
                  | mutation]
 63061 | Depths:1 | Gained mutation: You are strong-willed. (Will+) [potion of
                  | mutation]
 63061 | Depths:1 | Gained mutation: You expend magic power (3 MP) to
                  | strengthen your wands. [potion of mutation]
 63062 | Depths:1 | Lost mutation: You are strong-willed. (Will+) [potion of
                  | mutation]
 63062 | Depths:1 | Lost mutation: You are occasionally teleported next to
                  | monsters. [potion of mutation]
 63062 | Depths:1 | Gained mutation: You have large cloven feet. [potion of
                  | mutation]
 63062 | Depths:1 | Gained mutation: Your mind is acute. (Int +4, Str/Dex -1)
                  | [potion of mutation]
 63062 | Depths:1 | Gained mutation: Potions are less effective at restoring
                  | your health. [potion of mutation]
 63062 | Depths:1 | Gained mutation: You possess an exceptional clarity of
                  | mind. [potion of mutation]
 63103 | Hell     | Entered the Vestibule of Hell
 63107 | Hell     | Noticed Geryon
 63147 | Hell     | Killed Geryon
 63179 | Hell     | Found a gateway to the freezing wastes of Cocytus.
 63296 | Hell     | Found a gateway to the ashen valley of Gehenna.
 63334 | Hell     | Found a gateway to the Iron City of Dis.
 63512 | Hell     | Reached skill level 15 in Short Blades
 63521 | Hell     | Found a gateway to the decaying netherworld of Tartarus.
 63739 | Zot:1    | Entered Level 1 of the Realm of Zot
 63739 | Zot:1    | Noticed an ancient lich
 63760 | Zot:1    | Reached skill level 15 in Armour
 63770 | Zot:1    | Noticed an ancient lich
 64124 | Depths:4 | Killed an ancient lich
 64143 | Depths:4 | Killed an ancient lich
 64941 | Zot:1    | Identified the +5 battleaxe of the Endless Expanse {holy,
                  | rC+ Int+3}
 65136 | Zot:1    | Noticed an orb of fire
 66338 | Zot:1    | Noticed Grunn
 66347 | Zot:1    | Killed Grunn
 66659 | Zot:1    | Reached XP level 27. HP: 207/208 MP: 32/32
 67870 | Zot:1    | Gained mutation: You are frail. (-10% HP) [an orb of fire]
 67877 | Zot:1    | Killed an orb of fire
 69651 | Vaults:2 | You paid a toll of +3 gold dragon scales to enter a
                  | treasure trove
 69652 | Trove    | Entered a treasure trove
 69662 | Trove    | Identified the amulet of Das Bor {Reflect rF+ Regen+ Str+2
                  | SH+5}
 69667 | Trove    | Identified the ring of the Pharaoh's Fist {rN+ MP+9 SInv
                  | Stlth+}
 69669 | Trove    | Identified the ring "Ihettuon" {^Contam rPois rCorr Dex+6
                  | Stlth+}
 69673 | Trove    | Identified the amulet of Balance {Acrobat rN++ Int+5 Dex-3}
 69674 | Trove    | Identified the ring of Youthful Indiscretion {rElec rC+
                  | Int-2 Dex+7}
 69681 | Trove    | Identified the amulet of Uppips Sine {Harm rC+ Regen+}
 71920 | Zot:4    | Noticed a juggernaut
 71922 | Zot:4    | Killed a juggernaut
 72088 | Zot:4    | Identified the +7 war axe of the Hugging Seer {vamp, *Noise
                  | rF++ rCorr MP+9}
 72399 | Zot:4    | Got the Papyrus of Damaging Dislocation
 73308 | Zot:5    | Entered Level 5 of the Realm of Zot
 73461 | Zot:5    | Found a runed translucent gate.
 73461 | Zot:5    | Found a runed translucent gate.
 73461 | Zot:5    | Found a runed translucent gate.
 73487 | Zot:5    | Noticed Jyfueq's ghost (master GrHu)
 73787 | Zot:5    | Killed Jyfueq's ghost
 73888 | Zot:5    | Noticed an ancient lich
 73913 | Zot:5    | Noticed a dread lich
 73949 | Zot:5    | Noticed a dread lich
 73949 | Zot:5    | Noticed an orb of fire
 73950 | Zot:5    | Noticed an orb of fire
 73950 | Zot:5    | Lost mutation: You possess an exceptional clarity of mind.
                  | [an orb of fire]
 73950 | Zot:5    | Noticed an orb of fire
 73951 | Zot:5    | Noticed an orb of fire
 73953 | Zot:5    | Gained mutation: Your magical capacity is low. (-10% MP)
                  | [an orb of fire]
 73954 | Zot:5    | Gained mutation: You occasionally lose the ability to drink
                  | potions when taking damage. [an orb of fire]
 73955 | Zot:5    | Killed a dread lich
 73956 | Zot:5    | Killed an orb of fire
 73958 | Zot:5    | Killed an orb of fire
 73958 | Zot:5    | Gained mutation: You sometimes lose the ability to drink
                  | potions when taking damage. [an orb of fire]
 73962 | Zot:5    | Killed an orb of fire
 73973 | Zot:5    | Killed an orb of fire
 73975 | Zot:5    | Noticed an ancient lich
 73985 | Zot:5    | Killed an ancient lich
 74196 | Zot:5    | Noticed an orb of fire
 74200 | Zot:5    | Gained mutation: Your spells are a little easier to cast,
                  | but a little less powerful. [an orb of fire]
 74210 | Zot:5    | Killed an orb of fire
 74349 | Zot:5    | Noticed an orb of fire
 74351 | Zot:5    | Noticed an orb of fire
 74352 | Zot:5    | Gained mutation: Potions cannot restore your health. [an
                  | orb of fire]
 74358 | Zot:5    | Gained mutation: You occasionally lose the ability to read
                  | scrolls when taking damage. [an orb of fire]
 74362 | Zot:5    | Gained mutation: You are weak. (Str -2) [an orb of fire]
 74364 | Zot:5    | Killed an orb of fire
 74365 | Zot:5    | Killed an orb of fire
 74401 | Zot:5    | Killed a dread lich
 74414 | Zot:5    | Killed an ancient lich
 74627 | Zot:5    | Lost mutation: Your spells are a little easier to cast, but
                  | a little less powerful. [potion of mutation]
 74627 | Zot:5    | Lost mutation: Your mind is acute. (Int +4, Str/Dex -1)
                  | [potion of mutation]
 74627 | Zot:5    | Lost mutation: You are frail. (-10% HP) [potion of
                  | mutation]
 74627 | Zot:5    | Lost mutation: Your magical capacity is low. (-10% MP)
                  | [potion of mutation]
 74628 | Zot:5    | Lost mutation: You have large cloven feet. [potion of
                  | mutation]
 74628 | Zot:5    | Lost mutation: Potions cannot restore your health. [potion
                  | of mutation]
 74628 | Zot:5    | Lost mutation: You expend magic power (3 MP) to strengthen
                  | your wands. [potion of mutation]
 74628 | Zot:5    | Gained mutation: You are agile. (Dex +4, Str/Int -1)
                  | [potion of mutation]
 74629 | Zot:5    | Lost mutation: You sometimes lose the ability to drink
                  | potions when taking damage. [potion of mutation]
 74629 | Zot:5    | Lost mutation: You occasionally lose the ability to read
                  | scrolls when taking damage. [potion of mutation]
 74629 | Zot:5    | Gained mutation: You have a pair of small horns on your
                  | head. [potion of mutation]
 74629 | Zot:5    | Gained mutation: You are strong-willed. (Will+) [potion of
                  | mutation]
 74630 | Zot:5    | Lost mutation: You have a pair of small horns on your head.
                  | [potion of mutation]
 74630 | Zot:5    | Lost mutation: You are strong-willed. (Will+) [potion of
                  | mutation]
 74630 | Zot:5    | Gained mutation: You expend magic power (3 MP) to
                  | strengthen your wands. [potion of mutation]
 74631 | Zot:5    | Lost mutation: You occasionally lose the ability to drink
                  | potions when taking damage. [potion of mutation]
 74631 | Zot:5    | Lost mutation: You are weak. (Str -2) [potion of mutation]
 74631 | Zot:5    | Lost mutation: Potions are less effective at restoring your
                  | health. [potion of mutation]
 74631 | Zot:5    | Gained mutation: You are robust. (+10% HP) [potion of
                  | mutation]
 75663 | Pan      | Entered Pandemonium
 75902 | Pan      | Identified the +6 hand axe "Xixkyong" {vamp, Will++ Str-5
                  | Int+5}
 76074 | Pan      | Noticed a dread lich
 76127 | Pan      | Found Ilotivatru's Jewellery Shoppe.
 76127 | Pan      | Noticed Ilotivatru the pandemonium lord
 76152 | Pan      | Killed Ilotivatru the pandemonium lord
 76168 | Pan      | Found an opulent altar of Gozag.
 76187 | Pan      | Found Ilotivatru's Demonic Rune Outlet.
 76188 | Pan      | Found Ilotivatru's Superb Hardware.
 76199 | Pan      | Found an opulent altar of Gozag.
 76222 | Pan      | Killed a dread lich
 76227 | Pan      | Found Ilotivatru's Assorted Sundries.
 76275 | Pan      | Found an opulent altar of Gozag.
 76302 | Pan      | Bought a scroll of fog for 96 gold pieces
 76302 | Pan      | Bought a scroll of fear for 96 gold pieces
 76325 | Pan      | Bought a demonic rune of Zot for 5534 gold pieces
 76446 | Pan      | Entered the realm of Cerebov.
 76852 | Pan      | Reached skill level 15 in Dodging
 77071 | Pan      | Identified the orb of Decaying Brilliance {mayhem, rPois
                  | Str-4 Stlth+ Hexes}
 77116 | Pan      | Identified the amulet "Aggih" {Spirit +Blink rF- Dex+5}
 77120 | Pan      | Identified the ring of Hothryod {rElec rCorr Str+6}
 77364 | Pan      | Identified the ring "Ushrom" {rCorr Int+2 Dex+6}
 77425 | Pan      | Identified the +6 hand axe of the Thoughtful Bones {flame,
                  | Str+3}
 77446 | Pan      | Identified the ring of Balance {Fly rF+ Dex+2 Slay+3}
 77490 | Pan      | Identified the +2 dagger of Foimuos {protect, rPois rN+
                  | rCorr Str-3}
 77494 | Pan      | Identified the +7 mace of Bright Watchfulness {heavy,
                  | Will+}
 77504 | Pan      | Found the +6 sword of Cerebov {flame}
 77504 | Pan      | Noticed Cerebov
 77790 | Pan      | Killed Cerebov
 77807 | Pan      | Got a fiery rune of Zot
 77900 | Pan      | Found an exit through the horrors of the Abyss.
 78165 | Pan      | Noticed Hais the pandemonium lord
 78187 | Pan      | Killed Hais the pandemonium lord
 78473 | Pan      | Noticed Ignacio
 78484 | Pan      | Killed Ignacio
 78732 | Pan      | Entered the realm of Gloorx Vloq.
 79226 | Pan      | Noticed Gloorx Vloq
 79239 | Pan      | Killed Gloorx Vloq
 79417 | Pan      | Got a dark rune of Zot
 79737 | Pan      | Found an exit through the horrors of the Abyss.
 79768 | Pan      | Noticed Ykkaeg the pandemonium lord
 79777 | Pan      | Killed Ykkaeg the pandemonium lord
 80418 | Pan      | Noticed Papten the pandemonium lord
 80434 | Pan      | Killed Papten the pandemonium lord
 80517 | Pan      | Found a runed translucent door.
 80607 | Pan      | Identified the +0 chain mail "Xufoinyg" {Rampage rC+}
 80641 | Pan      | Found an exit through the horrors of the Abyss.
 80768 | Pan      | Entered the realm of Mnoleg.
 81500 | Pan      | Lost mutation: You are robust. (+10% HP) [a neqoxec]
 81502 | Pan      | Gained mutation: You are weak. (Str -2) [a neqoxec]
 81504 | Pan      | Gained mutation: You sometimes lose your temper in combat.
                  | [a neqoxec]
 81962 | Pan      | Lost mutation: You are weak. (Str -2) [potion of mutation]
 81962 | Pan      | Lost mutation: You expend magic power (3 MP) to strengthen
                  | your wands. [potion of mutation]
 81962 | Pan      | Lost mutation: You are agile. (Dex +4, Str/Int -1) [potion
                  | of mutation]
 81962 | Pan      | Gained mutation: Your flesh is heat resistant. (rF+)
                  | [potion of mutation]
 81962 | Pan      | Gained mutation: You have a somewhat thin skeletal
                  | structure. (Dex +2, Stealth+) [potion of mutation]
 81963 | Pan      | Lost mutation: Your flesh is heat resistant. (rF+) [potion
                  | of mutation]
 81963 | Pan      | Lost mutation: You sometimes lose your temper in combat.
                  | [potion of mutation]
 81963 | Pan      | Gained mutation: You are dopey. (Int -2) [potion of
                  | mutation]
 81963 | Pan      | Gained mutation: Your muscles are strong. (Str +4, Int/Dex
                  | -1) [potion of mutation]
 81963 | Pan      | Gained mutation: You sometimes lose your temper in combat.
                  | [potion of mutation]
 81964 | Pan      | Lost mutation: You sometimes lose your temper in combat.
                  | [potion of mutation]
 81964 | Pan      | Lost mutation: Your muscles are strong. (Str +4, Int/Dex
                  | -1) [potion of mutation]
 81964 | Pan      | Gained mutation: You are somewhat resistant to further
                  | mutation. [potion of mutation]
 82401 | Pan      | Lost mutation: You are dopey. (Int -2) [potion of mutation]
 82401 | Pan      | Lost mutation: You are somewhat resistant to further
                  | mutation. [potion of mutation]
 82401 | Pan      | Lost mutation: You have a somewhat thin skeletal structure.
                  | (Dex +2, Stealth+) [potion of mutation]
 82401 | Pan      | Gained mutation: You have a pair of small horns on your
                  | head. [potion of mutation]
 82401 | Pan      | Gained mutation: Your movements are slightly less
                  | encumbered by armour. (ER -2) [potion of mutation]
 82401 | Pan      | Gained mutation: You are vulnerable to heat. (rF-) [potion
                  | of mutation]
 82541 | Pan      | Gained mutation: You are frail. (-10% HP) [a neqoxec]
 82615 | Pan      | Gained mutation: Your body sometimes deteriorates upon
                  | taking damage. [a cacodemon]
 82616 | Pan      | Gained mutation: Your health recovers twice as slowly from
                  | being drained. [a cacodemon]
 82688 | Pan      | Noticed Mnoleg
 82710 | Pan      | Killed Mnoleg
 82813 | Pan      | Lost mutation: You are frail. (-10% HP) [potion of
                  | mutation]
 82813 | Pan      | Lost mutation: Your movements are slightly less encumbered
                  | by armour. (ER -2) [potion of mutation]
 82814 | Pan      | Lost mutation: Your body sometimes deteriorates upon taking
                  | damage. [potion of mutation]
 82814 | Pan      | Lost mutation: Your health recovers twice as slowly from
                  | being drained. [potion of mutation]
 82814 | Pan      | Lost mutation: You have a pair of small horns on your head.
                  | [potion of mutation]
 82814 | Pan      | Gained mutation: You have hidden genetic defects. [potion
                  | of mutation]
 82814 | Pan      | Gained mutation: You are agile. (Dex +4, Str/Int -1)
                  | [potion of mutation]
 82815 | Pan      | Lost mutation: You are vulnerable to heat. (rF-) [potion of
                  | mutation]
 82815 | Pan      | Lost mutation: You are agile. (Dex +4, Str/Int -1) [potion
                  | of mutation]
 82815 | Pan      | Gained mutation: You are agile. (Dex +4, Str/Int -1)
                  | [potion of mutation]
 82816 | Pan      | Lost mutation: You have hidden genetic defects. [potion of
                  | mutation]
 82816 | Pan      | Lost mutation: You are agile. (Dex +4, Str/Int -1) [potion
                  | of mutation]
 82816 | Pan      | Gained mutation: You have a pair of small horns on your
                  | head. [potion of mutation]
 82816 | Pan      | Gained mutation: You possess an exceptional clarity of
                  | mind. [potion of mutation]
 82948 | Pan      | Got a glowing rune of Zot
 83167 | Pan      | Noticed Tusketoxt the pandemonium lord
 83175 | Pan      | Killed Tusketoxt the pandemonium lord
 83287 | Pan      | Found an exit through the horrors of the Abyss.
 83400 | Pan      | Noticed Sedwoz the pandemonium lord
 83409 | Pan      | Killed Sedwoz the pandemonium lord
 83491 | Pan      | Noticed a seraph
 83496 | Pan      | Killed a seraph
 84360 | Pan      | Reached skill level 27 in Fighting
 85367 | Pan      | Identified the +0 tower shield of Wonder {rCorr}
 85624 | Pan      | Entered the realm of Lom Lobon.
 86271 | Pan      | Noticed Lom Lobon
 86297 | Pan      | Killed Lom Lobon
 86337 | Pan      | Got a magical rune of Zot
 87262 | Pan      | Noticed Paizxoli the pandemonium lord
 87277 | Pan      | Killed Paizxoli the pandemonium lord
 87344 | Pan      | Identified the +2 hat of the Salmon {Int+3}
 87352 | Pan      | Noticed Orevaar the pandemonium lord
 87382 | Pan      | Killed Orevaar the pandemonium lord
 87686 | Pan      | Found an exit through the horrors of the Abyss.
 87700 | Pan      | Took an exit into the Abyss.
 87700 | Abyss:5  | Escaped into the Abyss
 87707 | Depths:2 | Escaped the Abyss
 88068 | Vaults:5 | Entered Level 5 of the Vaults
 88069 | Vaults:5 | Noticed Saint Roka
 88105 | Vaults:5 | Killed Saint Roka
 88298 | Vaults:5 | Got a silver rune of Zot
 88482 | Vaults:5 | Identified the ring of Youthful Indiscretion {rF- rN+ Will+
                  | rCorr Str+4}
 88971 | Vaults:5 | Identified the ring of Mixe {Will+ Int+4 Dex+6}
 88987 | Vaults:5 | Identified the amulet "Latuts" {Regen+ rCorr Str+3 Int+3
                  | Dex-4}
 89561 | Vaults:5 | Reached skill level 10 in Evocations
 90105 | Slime:1  | Entered Level 1 of the Pits of Slime
 90991 | Slime:5  | Entered Level 5 of the Pits of Slime
 91526 | Slime:5  | Noticed the Royal Jelly
 91547 | Slime:5  | Killed the Royal Jelly
 91581 | Slime:5  | Found the +8 longbow "Zephyr" {speed, Dex+3 SInv}
 91648 | Slime:5  | Identified the +9 glaive of the Eight Eyes {drain, rN+
                  | Str+2}
 91795 | Slime:5  | Acquired 664 gold pieces
 91818 | Slime:5  | Got a slimy rune of Zot
 91824 | Slime:5  | Identified the +3 quarterstaff of Kismet {heavy, *Rage
                  | ^Fragile Str+4 Dex+9}
 92156 | D:2      | Bought a scroll of fog for 44 gold pieces
 92156 | D:2      | Bought a scroll of revelation for 82 gold pieces
 92156 | D:2      | Bought a scroll of teleportation for 33 gold pieces
 92156 | D:2      | Bought a scroll of blinking for 82 gold pieces
 92156 | D:2      | Bought a scroll of teleportation for 33 gold pieces
 92398 | Orc:1    | Bought 3 scrolls of teleportation for 306 gold pieces
 92658 | Vaults:1 | Bought a scroll of fog for 76 gold pieces
 92658 | Vaults:1 | Bought a scroll of vulnerability for 76 gold pieces
 92658 | Vaults:1 | Bought a scroll of teleportation for 57 gold pieces
 92658 | Vaults:1 | Bought a scroll of teleportation for 57 gold pieces
 92658 | Vaults:1 | Bought a scroll of vulnerability for 76 gold pieces
 92658 | Vaults:1 | Bought a scroll of teleportation for 57 gold pieces
 92891 | Tomb:1   | Entered Level 1 of the Tomb of the Ancients
 93312 | Tomb:1   | Noticed a royal mummy
 93315 | Tomb:1   | Noticed a royal mummy
 93340 | Tomb:1   | Killed a royal mummy
 93355 | Tomb:1   | Killed a royal mummy
 93356 | Tomb:1   | Reached skill level 15 in Evocations
 93499 | Tomb:1   | Identified the +3 orcbow of Lucut {drain, rElec rPois rCorr
                  | Dex-5}
 93695 | Tomb:2   | Noticed a royal mummy
 93696 | Tomb:2   | Noticed a royal mummy
 93704 | Tomb:2   | Noticed a royal mummy
 93704 | Tomb:2   | Noticed Boris
 93705 | Tomb:2   | Killed a royal mummy
 93708 | Tomb:2   | Noticed a royal mummy
 93712 | Tomb:2   | Killed Boris
 93714 | Tomb:2   | Killed a royal mummy
 93721 | Tomb:2   | Killed a royal mummy
 93723 | Tomb:2   | Killed a royal mummy
 94167 | Tomb:1   | Noticed a royal mummy
 94168 | Tomb:1   | Noticed a royal mummy
 94180 | Tomb:1   | Killed a royal mummy
 94191 | Tomb:1   | Killed a royal mummy
 94213 | Tomb:1   | Noticed a royal mummy
 94224 | Tomb:1   | Noticed a royal mummy
 94241 | Tomb:1   | Killed a royal mummy
 94249 | Tomb:1   | Killed a royal mummy
 94298 | Tomb:1   | Noticed a royal mummy
 94306 | Tomb:1   | Killed a royal mummy
 94334 | Tomb:1   | Noticed a royal mummy
 94339 | Tomb:1   | Noticed a royal mummy
 94346 | Tomb:1   | Noticed a royal mummy
 94355 | Tomb:1   | Killed a royal mummy
 94360 | Tomb:1   | Noticed a royal mummy
 94361 | Tomb:1   | Killed a royal mummy
 94361 | Tomb:1   | Noticed a royal mummy
 94387 | Tomb:1   | Killed a royal mummy
 94408 | Tomb:1   | Killed a royal mummy
 94427 | Tomb:1   | Noticed a royal mummy
 94433 | Tomb:1   | Noticed a royal mummy
 94436 | Tomb:1   | Killed a royal mummy
 94445 | Tomb:1   | Killed a royal mummy
 94451 | Tomb:1   | Killed a royal mummy
 94504 | Tomb:1   | Noticed a royal mummy
 94517 | Tomb:1   | Killed a royal mummy
 94542 | Tomb:1   | Noticed a royal mummy
 94549 | Tomb:1   | Noticed a royal mummy
 94553 | Tomb:1   | Killed a royal mummy
 94569 | Tomb:1   | Killed a royal mummy
 94581 | Tomb:1   | Noticed a royal mummy
 94592 | Tomb:1   | Killed a royal mummy
 94605 | Tomb:1   | Noticed a royal mummy
 94614 | Tomb:1   | Killed a royal mummy
 94630 | Tomb:1   | Noticed a royal mummy
 94632 | Tomb:1   | Noticed a royal mummy
 94658 | Tomb:1   | Killed a royal mummy
 94671 | Tomb:1   | Killed a royal mummy
 94765 | Tomb:1   | Noticed a royal mummy
 94780 | Tomb:1   | Killed a royal mummy
 94797 | Tomb:1   | Noticed a royal mummy
 94805 | Tomb:1   | Killed a royal mummy
 94964 | Tomb:3   | Entered Level 3 of the Tomb of the Ancients
 94973 | Tomb:3   | Noticed a royal mummy
 94984 | Tomb:3   | Noticed a royal mummy
 94988 | Tomb:3   | Noticed a royal mummy
 94992 | Tomb:3   | Killed a royal mummy
 94998 | Tomb:3   | Killed a royal mummy
 95004 | Tomb:3   | Noticed a royal mummy
 95005 | Tomb:3   | Noticed a royal mummy
 95015 | Tomb:3   | Killed a royal mummy
 95022 | Tomb:3   | Killed a royal mummy
 95027 | Tomb:3   | Noticed a royal mummy
 95037 | Tomb:3   | Noticed a royal mummy
 95037 | Tomb:3   | Killed a royal mummy
 95052 | Tomb:3   | Killed a royal mummy
 95128 | Tomb:3   | Noticed a royal mummy
 95140 | Tomb:3   | Killed a royal mummy
 95220 | Tomb:3   | Got a golden rune of Zot
 95325 | Tomb:3   | Noticed a royal mummy
 95381 | Tomb:3   | Killed a royal mummy
 95392 | Tomb:3   | Killed a royal mummy
 95488 | Tomb:3   | Found the amulet of Elemental Vulnerability {rPois rF--
                  | rC-- AC+8}
 95700 | Tomb:3   | Found the +5 Storm Queen's Shield {shock, Fly rElec}
 95702 | Tomb:3   | Found the +3 Mad Mage's Maulers {Infuse+∞ VampMP -Cast}
 95704 | Tomb:3   | Found the +3 salamander hide armour {Flames, rFlCloud rF++
                  | rC--}
 95721 | Tomb:3   | Identified the +1 dagger of the Inquisitive Things {venom,
                  | Dex+3}
 95722 | Tomb:3   | Reached skill level 10 in Spellcasting
 95827 | Tomb:3   | Identified the +0 leather armour "Gaoriol" {Str+3 SInv}
 95836 | Tomb:3   | Identified the ring "Guffe" {rCorr Slay+2}
 96620 | Geh:1    | Entered Level 1 of Gehenna
 98085 | Geh:7    | Entered Level 7 of Gehenna
 98343 | Geh:7    | Noticed the Serpent of Hell
 98354 | Geh:7    | Killed the Serpent of Hell
 98386 | Geh:7    | Reached skill level 15 in Spellcasting
 98501 | Geh:7    | Found the +13 sceptre of Asmodeus
 98501 | Geh:7    | Noticed Asmodeus
 98521 | Geh:7    | Killed Asmodeus
 98551 | Geh:7    | Got an obsidian rune of Zot
 98573 | Geh:7    | Identified the ring of the Jester {AC+4 Str+3 Dex+4}
 98770 | Tar:1    | Entered Level 1 of Tartarus
 99124 | Tar:4    | Noticed a dread lich
 99124 | Tar:4    | Noticed a dread lich
 99124 | Tar:4    | Noticed an ancient lich
 99144 | Tar:4    | Killed a dread lich
 99150 | Tar:4    | Killed a dread lich
 99154 | Tar:4    | Killed an ancient lich
 99784 | Tar:7    | Entered Level 7 of Tartarus
 99791 | Tar:7    | Noticed an ancient lich
 99813 | Tar:7    | Killed an ancient lich
 99918 | Tar:7    | Noticed a dread lich
 99932 | Tar:7    | Killed a dread lich
100096 | Tar:7    | Noticed an ancient lich
100119 | Tar:7    | Killed an ancient lich
100449 | Tar:7    | Identified the staff "Conservator" {rElec rN+++ Str-3 Dex-4
                  | Fire Air}
100450 | Tar:7    | Identified the staff "Oxtappin" {rF+ Str+5 Int+4 Fire}
100451 | Tar:7    | Identified the +4 scimitar of Infection {elec, Fly rElec}
100452 | Tar:7    | Identified the amulet of Rure {RegenMP Harm}
100454 | Tar:7    | Identified the amulet of Pucask {rF+++ rC- rN+ Regen+}
100601 | Tar:7    | Identified the amulet "Ylaam" {RegenMP Int+4}
100642 | Tar:7    | Identified the ring "Zuigaw" {+Blink rPois}
100792 | Tar:7    | Identified the +1 scale mail of Wosaessi {Int+4}
100795 | Tar:7    | Identified the ring "Muunkept" {Fly Dex+4 SInv}
100957 | Tar:7    | Identified the +0 cloak "Ewoqoigh" {rF++ rC+ rN+ Str+3}
100976 | Tar:7    | Identified the +9 rapier of Blood {spect, Will+}
100977 | Tar:7    | Identified the +3 pair of boots of the Great Game {rCorr
                  | Int+3}
101109 | Tar:7    | Noticed Ereshkigal
101128 | Tar:7    | Killed Ereshkigal
101152 | Tar:7    | Got a bone rune of Zot
101328 | Dis:1    | Entered Level 1 of the Iron City of Dis
102460 | Dis:7    | Entered Level 7 of the Iron City of Dis
103239 | Dis:7    | Reached skill level 27 in Short Blades
103940 | Dis:7    | Identified the +0 robe "Apext" {Rampage Str+2 Int-2}
103976 | Dis:7    | Found the +8 autumn katana {manifold assault}
104204 | Dis:7    | Identified the ring of Suspicion {rElec rPois rC- rCorr
                  | Dex+9}
104599 | Dis:7    | Noticed Dispater
105045 | Dis:7    | Killed Dispater
105109 | Dis:7    | Found the +8 whip "Snakebite" {venom, curare, rPois}
105129 | Dis:7    | Got an iron rune of Zot
105349 | Coc:1    | Entered Level 1 of Cocytus
105483 | Coc:3    | Paralysed by a wendigo for 1 turns
105681 | Coc:4    | Noticed a dread lich
105715 | Coc:4    | Paralysed by something for 5 turns
105728 | Coc:4    | Killed a dread lich
105735 | Coc:4    | Paralysed by a wendigo for 1 turns
106139 | Coc:6    | Paralysed by a wendigo for 1 turns
106152 | Coc:6    | Paralysed by a wendigo for 1 turns
106177 | Coc:7    | Entered Level 7 of Cocytus
106339 | Coc:7    | Paralysed by a wendigo for 1 turns
106521 | Coc:7    | Noticed Antaeus
106538 | Coc:7    | Killed Antaeus
106608 | Coc:7    | Got an icy rune of Zot
106614 | Coc:7    | Identified the +1 morningstar of the Badger {protect, Int+3
                  | Stlth+}
106622 | Coc:7    | Identified the +4 plate armour "Wemoeb" {Harm ^Drain rPois}
106744 | Coc:7    | Paralysed by a wendigo for 1 turns
106864 | Coc:7    | Identified the ring of Midwinter {rCorr Slay+2 SInv}
107181 | Zig:1    | Entered Level 1 of a ziggurat
107201 | Zig:2    | Entered Level 2 of a ziggurat
107228 | Zig:3    | Entered Level 3 of a ziggurat
107269 | Zig:4    | Entered Level 4 of a ziggurat
107304 | Zig:5    | Entered Level 5 of a ziggurat
107344 | Zig:5    | Identified the amulet of Ovikybem {Acrobat Dex+3}
107349 | Zig:6    | Entered Level 6 of a ziggurat
107370 | Zig:6    | Identified the +7 war axe of Midwinter {protect, *Noise
                  | rElec SInv}
107395 | Zig:7    | Entered Level 7 of a ziggurat
107458 | Zig:8    | Entered Level 8 of a ziggurat
107463 | Zig:8    | Noticed an ancient lich
107465 | Zig:8    | Noticed an ancient lich
107465 | Zig:8    | Noticed a dread lich
107470 | Zig:8    | Killed an ancient lich
107480 | Zig:8    | Killed an ancient lich
107494 | Zig:8    | Killed a dread lich
107513 | Zig:8    | Identified the staff of the Shining Light {rN+ Dex+2 Stlth+
                  | Necro}
107522 | Zig:8    | Identified the +4 orcbow of Floods {freeze, Fly rF+ Str-4
                  | Int+3}
107557 | Zig:9    | Entered Level 9 of a ziggurat
107566 | Zig:9    | Noticed Uhuezeli the pandemonium lord
107602 | Zig:9    | Killed Uhuezeli the pandemonium lord
107639 | Zig:9    | Identified the ring of Zauqi {Fire rElec Will- Int+2}
107762 | Zig:10   | Entered Level 10 of a ziggurat
107812 | Zig:10   | Identified the ring of Qibbouroug {Fire Will+ Dex+4}
107815 | Zig:11   | Entered Level 11 of a ziggurat
107892 | Zig:11   | Identified the +4 flail of the Fortifying Jester {speed,
                  | rF+}
107954 | Zig:12   | Entered Level 12 of a ziggurat
108011 | Zig:12   | Got the Compilation of Elliptic Rot
108035 | Zig:13   | Entered Level 13 of a ziggurat
108057 | Zig:13   | Identified the +6 sling "Vuaschum" {freeze, rC- rCorr Dex+8
                  | Stlth+}
108059 | Zig:13   | Identified the ring of Telunao {Will++ Int+6 Dex+3}
108070 | Zig:13   | Identified the staff of the Blind Eye {rElec rPois Int+5
                  | Air Alchemy}
108100 | Zig:14   | Entered Level 14 of a ziggurat
108115 | Zig:14   | Reached skill level 27 in Armour
108140 | Zig:14   | Identified the +1 hand cannon "Panenko" {speed, Str+4}
108145 | Zig:14   | Identified the ring of Ycwof {*Slow MP+9 Dex+3}
108152 | Zig:14   | Identified the +6 dagger "Tevunati" {flame, rCorr}
108158 | Zig:14   | Identified the +1 robe of the Rotten Tsukumogami {Regen+
                  | rCorr}
108159 | Zig:14   | Identified the +2 dagger "Ilamefiw" {spect, Dex+2}
108163 | Zig:14   | Identified the amulet "Vongeppi" {Rampage Regen+ Dex+4}
108166 | Zig:15   | Entered Level 15 of a ziggurat
108228 | Zig:15   | Got the Atlas of Unified Terra Firma
108299 | Zig:16   | Entered Level 16 of a ziggurat
108307 | Zig:16   | Noticed an orb of fire
108307 | Zig:16   | Noticed an orb of fire
108308 | Zig:16   | Noticed an orb of fire
108319 | Zig:16   | Killed an orb of fire
108321 | Zig:16   | Killed an orb of fire
108336 | Zig:16   | Killed an orb of fire
108462 | Zig:16   | Identified the +6 orcbow of the Messenger {speed, rC+++
                  | MP-9 Str-2 Dex+5}
108479 | Zig:17   | Entered Level 17 of a ziggurat
108485 | Zig:17   | Identified the +1 buckler of the Blessed Realm {rCorr
                  | Dex+7}
108565 | Zig:17   | Identified the ring of Foleik {rF+ Str+4 Int-5 Stlth+}
108570 | Zig:17   | Identified the amulet of Naofolyrch {Faith Rampage rCorr
                  | Int-3 Slay-2}
108579 | Zig:17   | Identified the +1 leather armour of Philately {*Corrode
                  | Dex+5 Slay+2}
108603 | Zig:18   | Entered Level 18 of a ziggurat
108614 | Zig:18   | Noticed an ancient lich
108614 | Zig:18   | Noticed a dread lich
108615 | Zig:18   | Noticed an ancient lich
108615 | Zig:18   | Noticed an ancient lich
108628 | Zig:18   | Killed an ancient lich
108629 | Zig:18   | Reached skill level 27 in Dodging
109019 | Zot:5    | Got the Orb of Zot
109428 | Depths:4 | Noticed Nyvyun the pandemonium lord
110075 | D:1      | Noticed Gonazial the pandemonium lord
110089 | D:1      | Killed Gonazial the pandemonium lord
110094 | D:$      | Escaped with the Orb!

Illustrated notes

Levels and vault maps discovered:
D:1:      elethiomel_arrival_quiet, layout_rooms, serial_forest,
          infiniplex_forest_diagonal, infiniplex_forest_zigzag_1,
          infiniplex_forest_straight_2, infiniplex_forest_straight_1,
          infiniplex_forest_join, infiniplex_forest_lined_ring,
          infiniplex_forest_lined_corner, serial_shops, shop
D:2:      layout_loops_cross, serial_shops, shop, shop, serial_bayou_crossing
D:3:      layout_loops_ring, yredelemnul_forgotten_temple_becter
D:4:      layout_basic, led_xom_imps, ebering_ghost_disaster_area,
          dreamdust_princess_corridor, eino_small_chamber_without_monster,
          minmay_three_crescents
D:5:      kennysheep_six_static_rooms, layout_basic, temple_doors_e
D:6:      layout_loops_ring
D:7:      layout_loops_corners, old_standard_altar, amcnicky_altar_gilded,
          gammafunk_ghost_icy, serial_library_hellmonk_hallway_a,
          dreamdust_wishing_well
D:8:      layout_cave_pods, nicolae_gozag_seed_capital
D:9:      layout_rooms, mainiacjoe_overflow_alcove_1,
          grunt_temple_overflow_open, minitemple, special_room
          [special_room_orc]
D:10:     layout_basic, evilmike_ruin_ashenzari, lair_entry_dummy
D:11:     dragon1_lemuel, layout_long_grid, gauntlet_entry_generic,
          chequers_serial_rivers_micro_a, chequers_decorated_corner
D:12:     layout_roguey, hiddenorc1_lemuel, portal_ice_cave_entry_pillars_2,
          serial_bayou_lagoon_b
D:13:     lemuel_ogre_cave, layout_irregular_city, serial_shops, shop,
          nicolae_shop_scrapyard, nicolae_shop_bloodbath_and_beyond, shop
D:14:     layout_cave_pods, hellmonk_vaults_keyhole, hangedman_decor_slide_cut,
          kennysheep_path_1, makhleb_altar_promises_db
D:15:     grunt_enter_depths_magical_seal, layout_irregular_city,
          nicolae_wu_jian_wuxing_cycle
Temple:   hellmonk_temple_divided_pantheon
Lair:1:   layout_concentric_octagons
Lair:2:   layout_gridlike, spider_nest_entry_webs
Lair:3:   layout_small_grid, mainiacjoe_shoals_entry_four_pools, serial_rivers,
          chequers_serial_rivers_micro_e, chequers_serial_rivers_micro_a,
          chequers_serial_rivers_micro_d, chequers_serial_rivers_small_b,
          nicolae_lair_run_with_the_wolves
Lair:4:   layout_small_grid, serial_rivers, chequers_serial_rivers_micro_d,
          chequers_serial_rivers_micro_b, chequers_serial_rivers_micro_b,
          chequers_serial_rivers_small_3, chequers_serial_rivers_small_a,
          kennysheep_catoblepas_arena
Lair:5:   minmay_lair_end_enchanted_forest, layout_misc_corridors,
          slime_entry_1, eino_small_chamber_without_monster, serial_bayou_pond_e
Shoals:1: layout_shoals
Shoals:2: layout_shoals, serial_shops, nicolae_shop_drivethru, uniq_mlioglotl
Shoals:3: layout_shoals, serial_shops, shop, shop,
          nicolae_shop_pleasant_corner_grove
Shoals:4: shoals_end_grunt_garden, layout_shoals
Spider:1: layout_spider_delve, nicolae_spider_undead_wolf_pack
Spider:2: layout_chambers, nicolae_spider_spiderdrome
Spider:3: layout_spider_delve, nicolae_spider_solar_radiation
Spider:4: guppyfry_spider_rune, hangedman_spider_tarantella_strand
Slime:1:  layout_caves
Slime:2:  layout_caves, nicolae_slime_barrier, nicolae_slime_rock_hall_of_fame
Slime:3:  cheibrodos_slime_lost_civilization_9, layout_caves
Slime:4:  layout_caves
Slime:5:  slime_pit_nicolae_amoeboid
Orc:1:    layout_diamond_mine, serial_shops, nicolae_shop_stone,
          gammafunk_ghost_wrathful_warriors, basic_altar
Orc:2:    st_orc_congregation, layout_caves
Elf:1:    minmay_elf_arrival_circle, layout_rooms, minmay_elf_demonology,
          serial_sigils_hangedman_gut, library_closet
Elf:2:    nicolae_elf_blades_crystal_corner, layout_geoelf_grid, serial_shops,
          nicolae_shop_tiny_statue_garden, uniq_asterion
Elf:3:    minmay_elf_hall_statues, layout_gridlike, serial_shops,
          nicolae_shop_back_alley_shop
Vaults:1: v_rooms_4, vaults_room_grid, nicolae_vaults_antechamber_and_loot_room,
          vaults_room_fours, nicolae_vaults_doubleplus_tesselated,
          nicolae_vaults_trapezoid_layered, vaults_mumra_minichess_inversion,
          vaults_room_ringed_pool, nicolae_vaults_taking_the_gang_shopping,
          v_rooms_4, nicolae_vaults_trapezoid_layered, layout_vaults_ring,
          serial_shops, shop_statue
Vaults:2: vaults_room_pools, vaults_standard_mumra_enter_the_diamond,
          nicolae_vaults_murderbox, v_alt_pattern_2, ontoclasm_vaults_ligature,
          vaults_dpeg_doors, ontoclasm_vaults_fault, nicolae_vaults_little_ls,
          vaults_room_hallway, nicolae_vaults_tetromino_Z_1,
          nicolae_vaults_surprise_closet, layout_vaults_omnigrid,
          nicolae_trove_entry_path_of_doom
Vaults:3: minmay_crypt_entry_nasty_monster, ontoclasm_vaults_ring_small,
          grunt_vaults_hallway_long, grunt_vaults_hallway_short,
          nicolae_vaults_bisected_exclaves, v_pattern_1,
          nicolae_vaults_little_squares_4, v_misc_2, vaults_mumra_hex,
          nicolae_vaults_spaceships, nicolae_vaults_door_testing_chamber,
          nicolae_vaults_double_plus_1, nicolae_vaults_rhombus_5,
          layout_vaults_chaotic_city
Vaults:4: nicolae_vaults_trapezoid_lopsided_4, nicolae_vaults_frosty_reception,
          hangedman_vaults_river_flow, nicolae_vaults_heart-shaped_vault,
          nicolae_vaults_shrinking_rooms_1, hangedman_vaults_maws,
          ontoclasm_vaults_eye, ontoclasm_vaults_ring_square,
          nicolae_vaults_tangram_1, layout_vaults_big_cross, serial_shops, shop,
          uniq_margery
Vaults:5: uniq_saint_roka
Crypt:1:  hangedman_hall_of_fallen_heroes, layout_chaotic_city,
          nrook_guardian_serpent_ordinary
Crypt:2:  layout_misc_corridors, uniq_vv, uniq_mennas
Crypt:3:  david_glass_crypt, layout_misc_corridors,
          tomb_entry_forgotten_bobbens, grunt_megastairs_3, uniq_bai_suzhen
Tomb:1
Tomb:2:   uniq_boris
Tomb:3
Depths:1: layout_gridlike, nicolae_abyss_entry_one_way_or_another,
          nrook_mini_backslash, hell_entry, minmay_guarded_unrand_curses
Depths:2: lemuel_river_lethe, hell_entry, pan_entry
Depths:3: grunt_bruiser_brothers, layout_basic, hangedman_abyss_or_decor_clamps,
          hell_entry, abyss_entry_small_statue_room
Depths:4: grunt_zot_entry_tricorne, layout_cave_pools, enter_ziggurat_c,
          grunt_hell_entry_dis_grunt, chequers_serial_rivers_large_a,
          nemelex_diamond_rough_becter
Hell
Dis:1:    layout_gridville
Dis:2:    layout_gridville
Dis:3:    layout_gridville, nicolae_dis_grated_feature
Dis:4:    layout_gridville
Dis:5:    layout_gridville, nicolae_hells_seeping_fissure
Dis:6:    layout_jigsaw
Dis:7:    iron_city_of_dis [dis_mu, dis_wall_5], layout_gridville
Geh:1:    layout_gehenna_lava_caves
Geh:2:    layout_gehenna_lava_caves
Geh:3:    layout_gehenna_pools_triple
Geh:4:    layout_gehenna_pools_basic
Geh:5:    layout_gehenna_pools_triple
Geh:6:    layout_gehenna_lava_caves
Geh:7:    geh_grunt
Coc:1:    layout_cocytus_water_paths
Coc:2:    layout_cocytus_water_paths
Coc:3:    layout_ice_bergs, nicolae_coc_icebean_singular
          [nicolae_sub_coc_subbean]
Coc:4:    layout_ice_bergs
Coc:5:    layout_cocytus_water_paths
Coc:6:    layout_cocytus_delve
Coc:7:    coc_hangedman
Tar:1:    hangedman_tartarus_temple_path, layout_cathedral_of_symmetry
Tar:2:    layout_catacombs, nicolae_tar_cuneiform_city
Tar:3:    layout_honeycomb
Tar:4:    layout_grid_maze, nicolae_tar_liches_on_tour
Tar:5:    layout_catacombs, nicolae_tar_grid_combs
Tar:6:    layout_honeycomb
Tar:7:    tar_old
Zot:1:    hangedman_snap_crack_crunch, layout_cathedral_of_symmetry,
          kennysheep_underground_church, uniq_grunn
Zot:2:    layout_cellular_growth
Zot:3:    layout_basic, grunt_megastairs_1
Zot:4:    ebering_greatest_show_in_zot, layout_gridlike, st_stairs_8,
          regret_index_zot_stipple_split
Zot:5:    layout_concentric_octagons, gammafunk_ghost_split

Skill      XL: |  1  2  3  4  5  6  7  8  9 10 11 12 13 14 15 16 17 18 19 20 21 22 23 24 25 26 27 |
---------------+----------------------------------------------------------------------------------+-----
Dodging        | 3 4 5 6 8 9 10 12 13 14 27 | 27.0
Throwing       | 2 |  2.7
Short Blades   | 3 4 5 6 9 10 12 13 14 16 27 | 27.0
Long Blades    | 1 2 3 4 |  4.0
Armour         | 1 2 3 4 5 6 7 8 9 11 14 15 27 | 27.0
Fighting       | 3 4 5 7 8 10 12 14 15 16 27 | 27.0
Stealth        | 1 3 4 5 6 8 9 10 12 13 14 | 14.0
Ranged Weapons | 1 3 5 9 10 | 10.0
Spellcasting   | 2 5 6 20 | 20.0
Evocations     | 7 9 21 | 21.0
Invocations    | 1 |  1.6
Ice Magic      | 1 |  1.3
Necromancy     | 1 |  1.0
Alchemy        | 1 |  1.0
Maces & Flails | 1 |  1.0
Shields        | 1 |  1.0
Summonings     | 1 |  1.0
Shapeshifting  | 9 14 17 18 19 22 23 | 23.4
Axes           | |  0.9
Polearms       | |  0.7
Staves         | |  0.9
Unarmed Combat | |  0.1
Conjurations   | |  0.7
Hexes          | |  0.7
Translocations | |  0.1
Fire Magic     | |  0.5
Air Magic      | |  0.1
Earth Magic    | |  0.6

Action                     |  1- 3 |  4- 6 |  7- 9 | 10-12 | 13-15 | 16-18 | 19-21 | 22-24 | 25-27 || total
---------------------------+-------+-------+-------+-------+-------+-------+-------+-------+-------++-------
  Melee: Rapier            |    42 |       |    32 |   104 |    13 |       |       |       |    19 ||   210
         Dagger            |    95 |   194 |   376 |       |       |       |       |       |       ||   665
         Punch             |       |     4 |     3 |    12 |    26 |    45 |    47 |    32 |   497 ||   666
         Touch             |       |    20 |    79 |   273 |   531 |   514 |   508 |   273 |  5250 ||  7448
         Short sword       |       |       |       |   977 |  1710 |       |       |       |       ||  2687
         Quick blade       |       |       |       |       |   700 |  2333 |  2734 |  1111 | 21268 || 28146
         Headbutt          |       |       |       |       |       |       |       |       |  5217 ||  5217
         Cutlass           |       |       |       |       |       |       |       |       |  1570 ||  1570
   Fire: Arbalest          |       |       |       |    19 |     3 |    28 |     6 |     9 |    11 ||    76
  Throw: Throwing net      |       |       |       |     2 |       |     1 |       |       |     1 ||     4
 Invoke: Serpent's Lash    |       |       |       |     2 |    12 |    15 |    12 |     6 |    77 ||   124
         Heavenly Storm    |       |       |       |       |     3 |       |     2 |     1 |    38 ||    44
Ability: Whirlwind         |       |       |       |    53 |   346 |   241 |   376 |   118 |  3114 ||  4248
         Lunge             |       |       |       |    25 |   114 |   113 |   180 |    52 |   851 ||  1335
         Word of Chaos     |       |       |       |       |       |       |       |       |     3 ||     3
         Siphon Essence    |       |       |       |       |       |       |       |       |     1 ||     1
         Wall Jump         |       |       |       |       |       |       |       |       |     1 ||     1
  Evoke: Wand              |       |       |       |       |     1 |       |     1 |       |    41 ||    43
         Sack of spiders   |       |       |       |       |       |       |       |       |     2 ||     2
         Horn of Geryon    |       |       |       |       |       |       |       |       |     3 ||     3
         Phantom mirror    |       |       |       |       |       |       |       |       |     2 ||     2
         Lightning rod     |       |       |       |       |       |       |       |       |     1 ||     1
    Use: Scroll            |     1 |     2 |     3 |    11 |    23 |     7 |     7 |     4 |    55 ||   113
         Potion            |       |       |     2 |    10 |     3 |     7 |     4 |     4 |    37 ||    67
   Stab: Sleeping          |     1 |       |     4 |     9 |    36 |    41 |    55 |    23 |    43 ||   212
         Distracted        |       |       |       |     2 |     2 |     8 |    14 |     4 |    47 ||    77
         Invisible         |       |       |       |     1 |     2 |       |       |       |    18 ||    21
         Held in net/web   |       |       |       |       |       |     1 |       |       |       ||     1
         Paralysed         |       |       |       |       |       |       |       |       |     1 ||     1
         Petrifying        |       |       |       |       |       |       |       |       |    11 ||    11
         Petrified         |       |       |       |       |       |       |       |       |     2 ||     2
 Armour: Leather armour    |    68 |    83 |   146 |   279 |   224 |       |       |       |       ||   800
         Animal skin       |       |       |    53 |   121 |       |       |       |       |       ||   174
         Ring mail         |       |       |       |       |   246 |   608 |   528 |   213 |   202 ||  1797
         Storm dragon scal |       |       |       |       |       |       |       |       |   481 ||   481
         Plate armour      |       |       |       |       |       |       |       |       |  3479 ||  3479
         Skin              |       |       |       |       |       |       |       |       |   102 ||   102
  Dodge: Dodged            |   103 |   102 |   249 |   479 |   628 |   682 |   586 |   299 |  7414 || 10542
   Form: Death             |       |       |       |       |       |       |       |       |     3 ||     3
                           |       |       |       |       |       |       |       |       |     1 ||     1
         Statue            |       |       |       |       |       |       |       |       |     1 ||     1

Table legend: (Time is in decaauts)
 A = Elapsed time spent in this place.
 B = Non-inter-level travel time spent in this place.
 C = Inter-level travel time spent in this place.
 D = Time resting spent in this place.
 E = Time spent auto-exploring this place.
 F = Levels seen in this place.
 G = Mean time per level.
                   A        B        C        D        E       F      G
               +--------+--------+--------+--------+--------+-----+--------+
         Total | 106427 |  91233 |  15194 |      0 |  56133 | 133 |  800.2 |
       Dungeon |  19599 |  15107 |   4492 |      0 |  11182 |  15 | 1306.6 |
        Temple |     25 |      1 |     24 |      0 |      0 |   1 |   25.0 |
          Lair |   6595 |   5678 |    917 |      0 |   4291 |   5 | 1319.0 |
        Shoals |   5184 |   4690 |    494 |      0 |   3520 |   4 | 1296.0 |
   Spider Nest |   5052 |   4664 |    388 |      0 |   3377 |   4 | 1263.0 |
    Slime Pits |   1739 |   1530 |    209 |      0 |    464 |   5 |  347.8 |
  Orcish Mines |   1789 |   1260 |    529 |      0 |    807 |   2 |  894.5 |
   Elven Halls |   4741 |   4369 |    372 |      0 |   3212 |   3 | 1580.3 |
        Vaults |   9316 |   7203 |   2113 |      0 |   5313 |   5 | 1863.2 |
         Crypt |   5739 |   5105 |    634 |      0 |   3934 |   3 | 1913.0 |
          Tomb |   3347 |   2915 |    432 |      0 |   1340 |   3 | 1115.7 |
        Depths |   9607 |   7405 |   2202 |      0 |   5566 |   4 | 2401.8 |
          Hell |    760 |    526 |    234 |      0 |    260 |   1 |  760.0 |
           Dis |   3429 |   3204 |    225 |      0 |   1584 |   7 |  489.9 |
       Gehenna |   1982 |   1639 |    343 |      0 |    757 |   7 |  283.1 |
       Cocytus |   1563 |   1528 |     35 |      0 |    591 |   7 |  223.3 |
      Tartarus |   2214 |   2041 |    173 |      0 |    685 |   7 |  316.3 |
           Zot |   8128 |   6753 |   1375 |      0 |   4179 |   5 | 1625.6 |
         Abyss |    829 |    829 |      0 |      0 |    297 |   6 |  138.2 |
   Pandemonium |  11986 |  11986 |      0 |      0 |   3691 |  18 |  665.9 |
      Ziggurat |   1402 |   1402 |      0 |      0 |    264 |  18 |   77.9 |
         Trove |    177 |    177 |      0 |      0 |     86 |   1 |  177.0 |
      Ice Cave |    929 |    929 |      0 |      0 |    587 |   1 |  929.0 |
      Gauntlet |    284 |    284 |      0 |      0 |    143 |   1 |  284.0 |
               +--------+--------+--------+--------+--------+-----+--------+

Top non-repeatable levels by time:
   Zot:1: 2811 daAuts
Vaults:2: 2619 daAuts
Depths:3: 2487 daAuts
Depths:2: 2451 daAuts
Depths:4: 2448 daAuts
   Dis:7: 2420 daAuts
 Crypt:3: 2233 daAuts
Depths:1: 2219 daAuts
    D:14: 2084 daAuts
   Elf:3: 2070 daAuts
Vaults:3: 2014 daAuts
   Elf:2: 1910 daAuts
    D:13: 1854 daAuts
    D:12: 1807 daAuts
 Crypt:1: 1806 daAuts
